 Dungeon Crawl Stone Soup version 0.29-a0-251-g80730f7218 (webtiles) character file.

Game seed: 38479280908193372

1071262 ZeroWinrate the Swordmaster (level 27, -1/283 HPs)
             Began as a Gnoll Wanderer on Feb 27, 2022.
             Was the Champion of Zin.
             Killed by divine providence
             ... invoked by a royal mummy
              (10 damage)
             ... on level 15 of a ziggurat on Mar 5, 2022.
             The game lasted 10:06:10 (151380 turns).

ZeroWinrate the Swordmaster (Gnoll Wanderer)      Turns: 151380, Time: 10:06:11

Health: -1/283     AC: 21    Str:  9 (13) XL:     27
Magic:  13/51      EV: 39    Int: 35      God:    Zin [******]
Gold:   184        SH: 24    Dex: 29      Spells: 5/74 levels left

rFire   + + +      SeeInvis +   l - +10 trident of Ashenzari's Delight {holy, Dex+7}
rCold   + + .      Faith    .   C - +4 kite shield of the Blizzard {rF+ rC+}
rNeg    + . .      Spirit   .   x - +2 robe of Whack-A-Mole {Int+4 Archmagi}
rPois   +          Reflect  .   z - +3 crown of Dyrovepreva {rElec Int+2 SInv}
rElec   +          Harm     .   R - +0 cloak of Daz Udawk {rF+++ Int+6 Dex+4 Stlth-}
rCorr   +          Rampage  ∞   p - +0 pair of fencer's gloves {Riposte Dex+3}
Will    ++...      Archmagi +   V - +3 pair of seven-league boots {Rampage+∞}
Stlth   ++++++++++ Rage     3%  e - amulet of Vitality {Regen+ HP+15}
HPRegen 1.37/turn  Rnd*Tele +   a - ring "Lusoisof" {rC+ Int+4 Dex+2 Slay+3}
MPRegen 0.32/turn               I - ring "Oqaosomu" {Fly rPois rN+ rCorr Stlth+}

@: flying, slowed, studying 3 skills, very slow
A: fangs 1, strong nose, distributed training, claws 1, horns 1, iridescent
scales 1, berserk 2, clumsy 1, deterioration 1, robust 1, teleportitis 1, weak
1, no potion heal 2, subdued magic 1
}: 9/15 runes: serpentine, barnacled, slimy, silver, demonic, glowing, magical,
fiery, dark
a: Renounce Religion, Recite, Vitalisation, Imprison, Sanctuary, Donate Gold


You were on level 15 of a ziggurat.
You worshipped Zin.
Zin was exalted by your worship.
You visited 18 branches of the dungeon, and saw 69 of its levels.
You visited Pandemonium 2 times, and saw 21 of its levels.
You visited 1 ziggurat, and saw 15 of its levels.
You also visited: Sewer, Ossuary, Bailey, Ice Cave and Desolation.

You collected 52746 gold pieces.
You spent 8588 gold pieces at shops.
You donated 3830 gold pieces to Zin.
You paid 40144 gold pieces to Gozag.

Inventory:

Hand Weapons
 g - the +6 hunting sling of Righteous Fury {speed, +Blink}
   (You bought it in a shop on level 5 of the Dungeon)

   Attacks with this weapon are significantly faster.
   +Blink:    It lets you blink.
 l - the +10 trident of Ashenzari's Delight (weapon) {holy, Dex+7}
   (You took it off a necromancer on level 3 of the Crypt)

   It has been blessed by the Shining One to cause great damage to the undead
   and demons.
   Dex:       It affects your dexterity (+7).
 m - the +10 hand axe of Xaidemn {freeze, rF- rN++ MP+9 Int+2}
   (You bought it in a shop on level 5 of the Dungeon)

   It freezes those it strikes, dealing additional cold damage.
   It can also slow down cold-blooded creatures.
   Int:       It affects your intelligence (+2).
   rF:        It makes you vulnerable to fire.
   rN:        It greatly protects you from negative energy.
   MP:        It affects your magic capacity (+9).
 A - the +10 morningstar of the Arena {spect, rC+ Will+}
   (You found it on level 13 of a ziggurat)

   When its wielder attacks, the weapon's spirit leaps out and strikes again.
   The spirit shares a part of any damage it takes with its wielder.
   rC:        It protects you from cold.
   Will:      It increases your willpower.
Missiles
 t - 9 silver javelins
 O - 8 javelins
 Q - 2 throwing nets
Armour
 p - the +0 pair of fencer's gloves (worn) {Riposte Dex+3}
   (You bought it in a shop on level 5 of the Dungeon)

   It allows the wearer to riposte with melee weapons, swiftly retaliating
   against missed attacks.
   Dex:       It affects your dexterity (+3).
 v - the +7 gold dragon scales of the Cobbler {rPois rF+ rC+ Str+3}
   (You found it on level 13 of a ziggurat)

   Str:       It affects your strength (+3).
   rF:        It protects you from fire.
   rC:        It protects you from cold.
   rPois:     It protects you from poison.
 x - the +2 robe of Whack-A-Mole (worn) {Int+4 Archmagi}
   (You bought it in a shop on level 8 of the Dungeon)

   Int:       It affects your intelligence (+4).
   Archmagi:  It increases the power of your magical spells.
 z - the +3 crown of Dyrovepreva (worn) {rElec Int+2 SInv}
   (You found it on level 5 of the Pits of Slime)

   Int:       It affects your intelligence (+2).
   rElec:     It insulates you from electricity.
   SInv:      It lets you see invisible.
 C - the +4 kite shield of the Blizzard (worn) {rF+ rC+}
   (You acquired it in Pandemonium)

   rF:        It protects you from fire.
   rC:        It protects you from cold.
 R - the +0 cloak of Daz Udawk (worn) {rF+++ Int+6 Dex+4 Stlth-}
   (You found it on level 11 of the Dungeon)

   Int:       It affects your intelligence (+6).
   Dex:       It affects your dexterity (+4).
   rF:        It renders you almost immune to fire.
   Stlth:     It makes you less stealthy.
 T - the +2 pair of gloves of the Armoured One {+Inv Will+ Str-4 Dex+2}
   (You found it in Pandemonium)

   Str:       It affects your strength (-4).
   Dex:       It affects your dexterity (+2).
   +Inv:      It lets you turn invisible.
   Will:      It increases your willpower.
 V - the +3 pair of seven-league boots (worn) {Rampage+∞}
   (You acquired it in Pandemonium)

   Its wearer moves as far as possible in that direction when moving towards
   enemies.
Jewellery
 a - the ring "Lusoisof" (left hand) {rC+ Int+4 Dex+2 Slay+3}
   (You found it in the Desolation of Salt)

   [ring of protection from cold]

   Int:       It affects your intelligence (+4).
   Dex:       It affects your dexterity (+2).
   Slay:      It affects your accuracy & damage with ranged weapons and melee
   (+3).
   rC:        It protects you from cold.
 e - the amulet of Vitality (around neck) {Regen+ HP+15}
   (You bought it in a shop on level 5 of the Dungeon)

   [amulet of regeneration]

   HP:        It affects your health (+15).
   Regen:     It increases your rate of health regeneration.
 o - the dreamshard necklace {*Dream Drain}
   (You found it on level 6 of a ziggurat)

   [amulet of nothing]

   It shatters if its wearer takes lethal or near-lethal damage, preventing the
   blow and releasing protective dreams that heal and fight for the wearer.
   Drain:     It drains your maximum health when unequipped.
 G - a ring of protection from cold
 I - the ring "Oqaosomu" (right hand) {Fly rPois rN+ rCorr Stlth+}
   (You found it on level 7 of the Dungeon)

   [ring of resist corrosion]

   rPois:     It protects you from poison.
   rN:        It protects you from negative energy.
   Fly:       It grants you flight.
   rCorr:     It protects you from acid and corrosion.
   Stlth:     It makes you more stealthy.
 Y - the ring of the Mage {Wiz Archmagi}
   (You found it on level 7 of a ziggurat)

   [ring of wizardry]

   It improves your spell success rate.
   Archmagi:  It increases the power of your magical spells.
 Z - the ring of Itirphor {rCorr Int-3 SInv Stlth+}
   (You found it on level 9 of a ziggurat)

   [ring of see invisible]

   Int:       It affects your intelligence (-3).
   SInv:      It lets you see invisible.
   rCorr:     It protects you from acid and corrosion.
   Stlth:     It makes you more stealthy.
Wands
 d - a wand of charming (7)
 F - a wand of flame (74)
 J - a wand of paralysis (21)
 L - a wand of acid (4)
 W - a wand of iceblast (47)
Scrolls
 b - 32 scrolls of teleportation
 c - 16 scrolls of fear
 h - 5 scrolls of silence
 i - 16 scrolls of enchant armour
 j - 19 scrolls of fog
 s - 3 scrolls of immolation
 y - 3 scrolls of amnesia
 N - 6 scrolls of magic mapping
 P - 3 scrolls of holy word
 S - 7 scrolls of blinking
Potions
 f - a potion of invisibility
 k - 3 potions of ambrosia
 n - 10 potions of might
 q - 4 potions of resistance
 r - 5 potions of cancellation
 w - 22 potions of curing
 D - 10 potions of brilliance
 E - 9 potions of heal wounds
 H - 3 potions of haste
Miscellaneous
 u - a tin of tremorstones (2/2)
 B - a phial of floods
 K - a condenser vane
 M - a box of beasts
 U - a phantom mirror
 X - a lightning rod (4/4)


   Skills:
 + Level 25.8 Fighting
 + Level 24.2 Short Blades
 O Level 27 Long Blades
 + Level 24.4 Axes
 + Level 24.2 Maces & Flails
 + Level 24.2 Polearms
 + Level 24.2 Staves
 + Level 24.2 Slings
 + Level 25.3 Bows
 + Level 24.2 Crossbows
 + Level 24.4 Throwing
 O Level 27 Armour
 + Level 24.2 Dodging
 + Level 24.2 Stealth
 + Level 24.2 Shields
 + Level 24.2 Unarmed Combat
 + Level 24.2 Spellcasting
 + Level 20.8 Conjurations
 + Level 20.8 Hexes
 + Level 20.8 Summonings
 + Level 20.8 Necromancy
 + Level 20.8 Translocations
 + Level 20.8 Transmutations
 + Level 20.8 Fire Magic
 + Level 20.8 Ice Magic
 + Level 20.8 Air Magic
 + Level 20.8 Earth Magic
 + Level 20.8 Poison Magic
 + Level 26.1 Invocations
 + Level 24.2 Evocations


You had 5 spell levels left.
You knew the following spells:

 Your Spells              Type           Power      Damage    Failure   Level
a - Maxwell's Capacitive  Air            60%        ∞         1%          8
b - Spellforged Servitor  Conj/Summ      60%        N/A       1%          7
c - Summon Horrible Thin  Summ           60%        N/A       1%          8
d - Polar Vortex          Ice            60%        N/A       10%         9
e - Shatter               Erth           60%        3d45*     10%         9
f - Ignition              Fire           60%        3d16      1%          8
g - Dispel Undead         Necr           100%       3d31      0%          4
h - Blink                 Tloc           100%       N/A       0%          2
j - Lehudib's Crystal Sp  Conj/Erth      60%        10d14     1%          8
l - Statue Form           Tmut/Erth      80%        N/A       0%          6

Your spell library contained the following spells:

 Spells                   Type           Power      Damage    Failure   Level
 Animate Skeleton         Necr           100%       N/A       0%          1
 Apportation              Tloc           100%       N/A       0%          1
 Foxfire                  Conj/Fire      100%       2x1d9     0%          1
 Magic Dart               Conj           100%       1d8       0%          1
 Pain                     Necr           100%       1d9       0%          1
 Sandblast                Erth           100%       2d20      0%          1
 Shock                    Conj/Air       100%       1d9       0%          1
 Sting                    Tmut/Pois      100%       1d8       0%          1
 Summon Small Mammal      Summ           100%       N/A       0%          1
 Corpse Rot               Necr/Air       100%       N/A       0%          2
 Ensorcelled Hibernation  Hex/Ice        100%       N/A       0%          2
 Passwall                 Tmut/Erth      100%       N/A       0%          2
 Poisonous Vapours        Pois/Air       100%       N/A       0%          2
 Scorch                   Fire           100%       2d10      0%          2
 Searing Ray              Conj           100%       2d8       0%          2
 Static Discharge         Conj/Air       100%       N/A       0%          2
 Sublimation of Blood     Necr           100%       N/A       0%          2
 Wereblood                Tmut           100%       N/A       0%          2
 Call Canine Familiar     Summ           100%       N/A       0%          3
 Confusing Touch          Hex            100%       N/A       0%          3
 Conjure Flame            Conj/Fire      100%       6-21      0%          3
 Dazzling Flash           Conj/Hex       100%       N/A       0%          3
 Frozen Ramparts          Ice            100%       1d12      0%          3
 Gell's Gravitas          Tloc           100%       N/A       0%          3
 Ignite Poison            Fire/Tmut/Pois 100%       N/A       0%          3
 Inner Flame              Hex/Fire       100%       N/A       0%          3
 Lesser Beckoning         Tloc           100%       N/A       0%          3
 Mephitic Cloud           Conj/Pois/Air  100%       N/A       0%          3
 Ozocubu's Armour         Ice            100%       N/A       0%          3
 Portal Projectile        Hex/Tloc       100%       N/A       0%          3
 Spider Form              Tmut/Pois      100%       N/A       0%          3
 Stone Arrow              Conj/Erth      100%       3d13      0%          3
 Summon Guardian Golem    Hex/Summ       100%       N/A       0%          3
 Swiftness                Air            100%       N/A       0%          3
 Teleport Other           Tloc           100%       N/A       0%          3
 Tukima's Dance           Hex            100%       N/A       0%          3
 Vampiric Draining        Necr           100%       2d13      0%          3
 Airstrike                Air            60%        N/A       0%          4
 Anguish                  Hex/Necr       60%        N/A       0%          4
 Animate Armour           Summ/Erth      100%       N/A       0%          4
 Animate Dead             Necr           60%        N/A       0%          4
 Cause Fear               Hex            60%        N/A       0%          4
 Flame Wave               Conj/Fire      100%       2d17      0%          4
 Fulminant Prism          Conj/Hex       60%        3d27      0%          4
 Iskenderun's Mystic Bla  Conj/Tloc      100%       2d19      0%          4
 Leda's Liquefaction      Hex/Erth       60%        N/A       0%          4
 Olgreb's Toxic Radiance  Pois           100%       N/A       0%          4
 Passage of Golubria      Tloc           100%       N/A       0%          4
 Petrify                  Tmut/Erth      100%       N/A       0%          4
 Sticky Flame             Conj/Fire      100%       2d11      0%          4
 Summon Ice Beast         Ice/Summ       100%       N/A       0%          4
 Summon Lightning Spire   Summ/Air       100%       N/A       0%          4
 Agony                    Necr           100%       N/A       0%          5
 Alistair's Intoxication  Tmut/Pois      80%        N/A       0%          5
 Blade Hands              Tmut           60%        N/A       0%          5
 Borgnjor's Vile Clutch   Necr/Erth      60%        N/A       0%          5
 Excruciating Wounds      Necr           60%        N/A       0%          5
 Fireball                 Conj/Fire      60%        3d23      0%          5
 Freezing Cloud           Conj/Ice/Air   60%        6-21      0%          5
 Irradiate                Conj/Tmut      60%        3d33      0%          5
 Iskenderun's Battlesphe  Conj           100%       2d15      0%          5
 Lee's Rapid Deconstruct  Erth           60%        3d29*     0%          5
 Lightning Bolt           Conj/Air       60%        1d83      0%          5
 Manifold Assault         Tloc           100%       N/A       0%          5
 Metabolic Englaciation   Hex/Ice        60%        N/A       0%          5
 Silence                  Hex/Air        60%        N/A       0%          5
 Summon Forest            Summ/Tloc      60%        N/A       0%          5
 Summon Mana Viper        Hex/Summ       100%       N/A       0%          5
 Yara's Violent Unravell  Hex/Tmut       60%        3d23      0%          5
 Death Channel            Necr           60%        N/A       0%          6
 Dispersal                Tloc           60%        N/A       0%          6
 Eringya's Noxious Bog    Tmut/Pois      60%        N/A       0%          6
 Iron Shot                Conj/Erth      60%        9d11      0%          6
 Simulacrum               Ice/Necr       60%        N/A       0%          6
 Starburst                Conj/Fire      60%        6d16      0%          6
 Summon Cactus Giant      Summ           60%        N/A       0%          6
 Dragon Form              Tmut           60%        N/A       1%          7
 Enfeeble                 Hex            60%        N/A       1%          7
 Haunt                    Necr/Summ      60%        N/A       1%          7
 Malign Gateway           Summ/Tloc      60%        N/A       1%          7
 Monstrous Menagerie      Summ           60%        N/A       1%          7
 Orb of Destruction       Conj           60%        9d15      1%          7
 Ozocubu's Refrigeration  Ice            60%        4d17      1%          7
 Storm Form               Tmut/Air       60%        N/A       1%          7
 Summon Hydra             Summ           60%        N/A       1%          7
 Discord                  Hex            60%        N/A       1%          8
 Disjunction              Tloc           60%        N/A       1%          8
 Infestation              Necr           60%        N/A       1%          8
 Necromutation            Tmut/Necr      60%        N/A       1%          8
 Chain Lightning          Conj/Air       60%        3d80      10%         9
 Death's Door             Necr           60%        N/A       10%         9
 Dragon's Call            Summ           60%        N/A       10%         9
 Fire Storm               Conj/Fire      60%        8d15      10%         9


Dungeon Overview and Level Annotations

Branches:
Dungeon (15/15)            Temple (1/1) D:5            Lair (6/6) D:11
 Shoals (4/4) Lair:2        Snake (4/4) Lair:4        Slime (5/5) Lair:6
    Orc (2/2) D:12            Elf (3/3) Orc:2        Vaults (5/5) D:13
  Crypt (3/3) Vaults:2       Tomb (2/3) Crypt:3      Depths (4/4) D:15
   Hell (visited)             Dis (1/7) Hell            Geh (5/7) Hell
    Coc (1/7) Hell            Tar (2/7) Hell            Zot (5/5) Depths:4
  Sewer (visited)         Ossuary (visited)          Bailey (visited)
  IceCv (visited)         Desolation (visited)

Altars:
Ashenzari
Cheibriados
Dithmenos
Elyvilon
Fedhas
Gozag
Hepliaklqana
Kikubaaqudgha
Makhleb
Nemelex Xobeh
Okawaru
Qazlal
Ru
Sif Muna
Trog
Uskayaw
Vehumet
Wu Jian
Xom
Yredelemnul
Zin
The Shining One
Beogh
Jiyva

Shops:
D:5 ((*=(**?[=   D:8 [   D:10 :   Orc:2 ?*:[   Elf:2 ([   Shoals:2 [
Snake:1 :=:   Snake:2 =[   Snake:4 **   Vaults:1 *   Vaults:2 (   Vaults:3 :
Vaults:4 (

Portals:
Hell: Depths:1 Depths:2 Depths:3 Depths:4
Abyss: Lair:1 Depths:3
Pandemonium: Depths:2 Depths:3


Innate Abilities, Weirdness & Mutations

You have very sharp teeth.
Your uncanny sense of smell can sniff out nearby items.
Your experience applies equally to all skills.
You have sharp fingernails.
You have a pair of small horns on your head.
You are partially covered in iridescent scales. (AC +2)
You often lose your temper in combat.
You are clumsy. (Dex -2)
Your body sometimes deteriorates upon taking damage.
You are robust. (+10% HP)
You are occasionally teleported next to monsters.
You are weak. (Str -2)
Potions cannot restore your health.
Your spells are a little easier to cast, but a little less powerful.


Message History

Unknown command.
Unknown command.
Unknown command.
Unknown command.
Unknown command.
Unknown command.
Casting: Lehudib's Crystal Spear (mildly dangerous; 1% risk of failure)
Confirm with . or Enter, or press ? or * to list all spells.
Casting: Ignition (mildly dangerous; 1% risk of failure)
Press: ? - help, Dir - look around, f - activate You feel a surge of power!
The air bursts into flame!
The fireball engulfs the death scarab!!
The death scarab is almost destroyed.
The fireball engulfs the death scarab!!
The death scarab is almost destroyed.
The fireball engulfs the death scarab!!
The death scarab is heavily damaged.
The fireball engulfs the death scarab!!
The death scarab is heavily damaged.
The fireball engulfs the royal mummy!!
The royal mummy is almost destroyed.
The fireball engulfs the death scarab!!
You destroy the death scarab!
The death scarab's corpse disappears in a puff of smoke!
The fireball engulfs the death scarab!
You destroy the death scarab!
The death scarab's corpse disappears in a puff of smoke!
The fireball engulfs the death scarab!!
You destroy the death scarab!
The death scarab's corpse disappears in a puff of smoke!
The fireball engulfs the death scarab!
You destroy the death scarab!
The death scarab's corpse disappears in a puff of smoke!
You are ready to recite again.
The royal mummy points at you and mumbles some strange words.
Something smites you!
* * * LOW HITPOINT WARNING * * *
The royal mummy points at you and mumbles some strange words.
Something smites you!
You die...

▓▓▓▓▓▓▓▓▓▓▓▓▓
▓▓......(....▓▓
▓▓.###§....###.▓▓
▓▓..#@#§....#)#..▓
▓▓...###..M..###..}
▓▓.....§§..........)
▓▓..................)
▓.∩..........§.....:)
▓▓..................!
▓▓.................)
▓▓...###.....###..}
▓▓..#.#.....#.#..▓


You could see a royal mummy (corona).

Vanquished Creatures
  Cerebov (Pan)
  the Royal Jelly (Slime:5)
  Ignacio (Pan)
  Lom Lobon (Pan)
  Gloorx Vloq (Pan)
  8 dread liches
  Khufu (Tomb:1)
  3 ancient liches
  4 orbs of fire
  4 juggernauts
  Sojobo (Vaults:5)
  19 royal mummies
  Parghit (Depths:3)
  Zenata (Zot:2)
  7 Killer Klowns
  Saint Roka (Vaults:1)
  11 pandemonium lords (Pan)
  2 caustic shrikes
  9 golden dragons
  A curse toe (Zot:5)
  4 bone dragons
  10 Tzitzimimeh (Pan)
  2 electric golems
  9 Brimstone Fiends (Pan)
  4 Ice Fiends (Pan)
  Mlioglotl (Snake:2)
  2 hellephants
  3 liches
  13 Hell Sentinels (Pan)
  2 tainted leviathans (Tar:1)
  23 tentacled monstrosities
  Rupert (D:15)
  5 quicksilver dragons
  6 titans
  2 walking frostbound tomes (Depths:3)
  7 Orb Guardians (Zot:5)
  3 searing wretches
  2 deep elf blademasters (Elf:3)
  Murray (Hell)
  7 sphinxes
  25 Executioners
  12 acid blobs
  11 ancient champions
  A tentacled starspawn (Zig:4)
  5 tengu reavers
  6 death cobs
  13 storm dragons
  12 shadow dragons
  5 azure jellies (Slime:5)
  2 nagarajas
  6 draconian knights
  4 draconian monks
  14 fire giants
  5 rockslimes
  5 revenants
  4 demonspawn warmongers (Pan)
  7 iron dragons
  18 ghost moths
  11 frost giants
  12 vault wardens
  7 curse skulls
  2 juggernaut zombies
  6 draconian scorchers
  29 cacodemons (Pan)
  3 draconian shifters
  29 balrugs
  2 draconian stormcallers
  6 orc warlords
  2 emperor scorpions
  7 deep elf elementalists (Elf:3)
  2 spriggan defenders (Depths:3)
  11 quicksilver oozes
  5 demonspawn blood saints (Pan)
  26 reapers
  20 ironbound preservers
  6 draconian annihilators
  A caustic shrike skeleton (Pan)
  A juggernaut skeleton (Crypt:2)
  5 war gargoyles
  2 broodmothers (Zig:8)
  7 demonspawn corrupters
  4 ghouls
  14 stone giants
  8 very ugly things
  4 ironbound thunderhulks
  3 deep elf demonologists
  15 demonspawn black suns
  31 vampire knights
  5 black draconians
  12 green draconians
  A putrid mouth (Tar:1)
  4 white draconians
  35 lorocyprocas (Pan)
  2 halazid warlocks (Desolation)
  12 deep elf annihilators
  3 spark wasps
  5 entropy weavers
  10 purple draconians
  5 dire elephants
  6 yellow draconians
  6 eidola
  Snorg (Lair:3)
  3 red draconians
  2 crystal guardians
  6 deep elf death magi
  18 green deaths (Pan)
  3 merfolk javelineers
  12 jiangshi
  10 ettins
  A spectral quicksilver dragon (Tar:1)
  30 blizzard demons
  10 merfolk impalers
  2 ragged hierophants (Desolation)
  9 mummy priests
  Josephine (D:13)
  2 fire dragons (Depths:2)
  12 yaktaur captains
  A spectral fenstrider witch (Tar:1)
  9 deep elf high priests
  7 great orbs of eyes
  33 vault guards
  The ghost of mcwallace the Fighter, a journeyman FoIE of Okawaru (Lair:1)
  Harold (Lair:1)
  3 servants of whispers (Desolation)
  9 naga warriors
  6 salamander tyrants
  Erolcha (D:9)
  2 rakshasas (Depths:3)
  8 peacekeepers
  3 caustic shrike simulacra
  2 spriggan air magi
  5 hell beasts (Pan)
  10 ice dragons
  A spectral shadow dragon (Tar:1)
  An anaconda (shapeshifter) (Zig:10)
  12 boulder beetles
  2 merfolk avatars
  2 ogre magi (D:15)
  A radroach (shapeshifter) (Zig:10)
  11 anacondas
  An alligator snapping turtle (Shoals:4)
  6 hydras
  A stoker (Geh:2)
  5 ironbound frosthearts
  Erica (D:8)
  2 radroaches
  12 two-headed ogres
  2 death knights
  5 death yaks (Lair:5)
  2 satyrs (Shoals:4)
  10 deep troll shamans
  8 centaur warriors
  4 merfolk aquamancers
  12 death scarabs
  9 tengu warriors
  9 vampire magi
  9 deep troll earth magi
  3 hell knights
  22 hell hogs
  2 spriggan berserkers
  2 emperor scorpion zombies (Crypt:3)
  A titan zombie (Zig:15)
  10 deep elf knights
  9 orc high priests
  A storm dragon zombie (Hell)
  Amaemon (Lair:1)
  Nergalle (Lair:1)
  10 shock serpents
  4 spriggans
  12 naga sharpshooters
  A titan skeleton (Crypt:3)
  71 soul eaters
  119 sun demons
  42 slime creatures
  9 iron trolls
  19 sixfirhies (Pan)
  3 pharaoh ants
  35 skeletal warriors
  A goliath frog (Lair:6)
  6 glowing orange brains
  A cherub (Pan)
  5 salamander mystics
  7 shadow wraiths
  A steelbarb worm (Zig:12)
  23 shadow demons (Pan)
  6 flayed ghosts
  41 deep trolls
  A glowing orange brain (shapeshifter) (Vaults:5)
  A sea snake (shapeshifter) (Zig:10)
  10 sea snakes
  3 naga ritualists
  9 deep elf archers
  A golden dragon zombie (Zig:15)
  A spectral anaconda (Tar:1)
  3 death drakes
  A tengu zombie (Zig:15)
  15 ironbound convokers
  7 orb spiders
  A lindwurm (shapeshifter) (Vaults:5)
  2 orange crystal statues
  8 wizards
  2 swamp dragons (Zig:14)
  3 obsidian statues
  5 orc knights
  Pikel (D:6)
  A shadow dragon skeleton (Pan)
  26 deep elf pyromancers
  21 phantasmal warriors
  6 lindwurms
  An iron dragon zombie (Crypt:1)
  A bunyip skeleton (Pan)
  22 deep elf zephyrmancers
  6 necromancers
  8 mana vipers
  6 harpies
  26 nameless horrors
  29 ugly things
  10 manticores
  15 fauns
  8 wolf spiders
  7 shining eyes
  11 cyclopes
  A sphinx zombie (Zig:15)
  3 oklob plants (Lair:3)
  A spectral centaur (Tar:1)
  A spectral fire dragon (Tar:1)
  17 salamanders
  A toenail golem (Pan)
  7 orc sorcerers
  2 naga zombies (Crypt:3)
  A jorogumo skeleton (Crypt:1)
  2 elephants (Lair:6)
  A centaur zombie (Crypt:3)
  4 ice statues
  26 moths of wrath
  7 rust devils
  A dire elephant zombie (Crypt:3)
  Joseph (D:9)
  2 merfolk sirens (Shoals:4)
  5 guardian serpents
  74 smoke demons
  A centaur skeleton (Crypt:3)
  5 water nymphs
  A gargoyle (D:11)
  An alligator snapping turtle zombie (Crypt:3)
  11 vault sentinels
  24 black mambas
  3 naga magi
  18 cane toads
  3 eyes of devastation
  Maggie (D:8)
  49 orange demons
  2 torpor snails
  11 efreet (Pan)
  29 hellions
  Psyche (D:12)
  An elf (Vaults:3)
  2 dire elephant skeletons
  3 kobold demonologists
  10 freezing wraiths
  28 yaktaurs
  28 hellwings (Pan)
  52 demonic crawlers
  3 unseen horrors
  4 rime drakes
  2 tengu conjurers (Depths:2)
  An anaconda simulacrum (IceCv)
  A golden dragon simulacrum (IceCv)
  18 tormentors
  An alligator snapping turtle skeleton (Crypt:2)
  8 komodo dragons
  An ice devil (Pan)
  A spectral naga (Tar:1)
  9 red devils (Pan)
  A spectral harpy (Tar:1)
  A sea snake skeleton (Hell)
  6 trolls
  A tengu simulacrum (Zig:15)
  25 guardian mummies
  5 polar bears
  3 tyrant leeches (Lair:6)
  15 merfolk
  10 wind drakes
  An alligator zombie (Hell)
  2 tarantellas
  5 hornets
  A shadow dragon simulacrum (Hell)
  2 harpy skeletons (Pan)
  29 saltlings (Desolation)
  19 blink frogs
  6 snapping turtles
  2 jumping spiders
  A dream sheep (Shoals:1)
  9 flying skulls
  A black mamba zombie (Crypt:1)
  An ettin skeleton (Crypt:1)
  A merfolk skeleton (Tomb:1)
  An air elemental (Elf:1)
  2 shadows (D:10)
  46 ynoxinuls (Pan)
  An ice dragon skeleton (Crypt:3)
  6 wyverns
  A culicivora (shapeshifter) (Elf:2)
  An alligator skeleton (Hell)
  34 yaks
  16 wraiths
  9 humans
  4 ushabtiu
  4 golden eyes (Pan)
  23 water elementals
  2 basilisks
  A basilisk (shapeshifter) (Elf:2)
  2 fire bats (Pan)
  3 steam dragons
  Eustachio (D:6)
  4 fire elementals
  60 large abominations
  54 chaos spawn (Pan)
  4 redbacks
  21 neqoxecs (Pan)
  9 vampire mosquitoes
  17 nagas
  A harpy simulacrum (IceCv)
  A faun zombie (Crypt:2)
  6 wargs
  3 acid dragons
  5 hell hounds
  13 water moccasins
  4 floating eyes
  A naga skeleton (Pan)
  A hydra simulacrum (Hell)
  3 swamp drakes (Zig:14)
  A deep troll skeleton (Crypt:2)
  3 ice beasts
  5 sky beasts
  2 black bears
  45 orc warriors
  6 necrophages
  2 alligator simulacra
  A swamp dragon zombie (Hell)
  An ettin simulacrum (IceCv)
  7 centaurs
  14 ogres
  A lindwurm skeleton (Crypt:2)
  11 wolves
  2 lemures (D:6)
  5 kobold brigands
  3 elf zombies (Ossuary)
  A gnoll sergeant (D:11)
  13 bullfrogs
  A glowing shapeshifter simulacrum (Zig:15)
  6 scorpions
  A salamander skeleton (Crypt:3)
  An elf skeleton (Crypt:1)
  7 killer bees
  A lindwurm simulacrum (IceCv)
  8 wights (D:8)
  5 electric eels
  A polar bear skeleton (Crypt:3)
  2 yak skeletons
  2 spriggan skeletons
  A vampire bat (D:7)
  8 crimson imps (Pan)
  2 hounds
  2 lava snakes (Lair:6)
  A bullfrog skeleton (Crypt:3)
  35 orc priests
  2 jellies (Sewer)
  2 human zombies (Ossuary)
  A scorpion zombie (Crypt:1)
  Jessica (D:2)
  5 iguanas
  29 orc wizards
  5 hell rats (Lair:4)
  A statue (D:5)
  34 mummies
  7 gnolls
  11 adders
  6 river rats
  6 white imps
  An ufetubus (D:4)
  2 adder zombies (Ossuary)
  A lava snake skeleton (Crypt:2)
  6 worms
  3 dart slugs
  75 orcs
  11 bats
  14 endoplasms
  11 giant cockroaches
  3 goblins
  9 hobgoblins
  14 kobolds
  6 quokkas
  A river rat zombie (Crypt:2)
  7 ball pythons
  2 frilled lizards
  A goblin zombie (Ossuary)
  12 hobgoblin zombies (Ossuary)
  A jackal zombie (Ossuary)
  6 kobold zombies (Ossuary)
  An orc skeleton (Crypt:1)
  7 orc zombies (Ossuary)
  9 rats
  2 rat zombies (Ossuary)
  2 creeping infernos
  22 fire vortices
  8 pillars of salt (Zig:15)
3379 creatures vanquished.

Vanquished Creatures (collateral kills)
  Mnoleg (Pan)
  Mennas (Pan)
  Mara (Vaults:3)
  5 royal mummies
  4 Killer Klowns (Zot:5)
  Vv (Depths:4)
  Geryon (Hell)
  Vashnia (Snake:2)
  A curse toe (Zot:5)
  3 golden dragons
  7 Tzitzimimeh (Pan)
  An electric golem (Zot:5)
  2 Brimstone Fiends (Pan)
  7 tentacled monstrosities
  2 hellephants
  An Ice Fiend (Pan)
  The ghost of dolemite99 the Slayer, an adept HOFi of Qazlal (Shoals:3)
  6 Hell Sentinels (Pan)
  A shard shrike skeleton (Crypt:1)
  A lich (Tomb:2)
  18 Orb Guardians (Zot:5)
  The ghost of Foimof the Imperceptible, an adept FeVM of Ru (Depths:4)
  A titan (Vaults:5)
  2 quicksilver dragons
  12 Executioners (Pan)
  6 acid blobs
  4 death cobs
  3 sphinxes
  4 ancient champions
  6 pandemonium lords (Pan)
  A tengu reaver (Vaults:5)
  5 storm dragons
  2 nagarajas
  4 azure jellies
  2 fire giants
  A revenant (Tomb:1)
  4 demonspawn warmongers (Pan)
  5 rockslimes
  3 draconian monks
  A quicksilver elemental (Dis:1)
  A ghost moth (Zot:5)
  A frost giant (Vaults:5)
  6 draconian scorchers
  An iron dragon (Vaults:5)
  6 vault wardens
  9 balrugs
  3 draconian shifters (Zot:2)
  A deep elf elementalist (Elf:3)
  3 stone giants
  A draconian annihilator (Zot:4)
  15 cacodemons (Pan)
  2 ironbound preservers
  A caustic shrike skeleton (Hell)
  A spriggan defender (Depths:3)
  10 demonspawn corrupters (Pan)
  11 reapers
  7 very ugly things
  5 draconian stormcallers
  2 ghouls
  7 ironbound thunderhulks
  6 green draconians
  A quicksilver ooze (Slime:4)
  3 vampire knights
  3 war gargoyles
  6 demonspawn blood saints (Pan)
  A halazid warlock (Desolation)
  A deep elf demonologist (Elf:3)
  5 black draconians
  A dire elephant (Vaults:3)
  9 demonspawn black suns (Pan)
  2 yellow draconians
  3 lorocyprocas (Pan)
  2 bennus (Tomb:2)
  4 deep elf annihilators
  4 white draconians
  7 red draconians
  3 deep elf death magi
  11 mummy priests
  4 green deaths (Pan)
  A crystal guardian (Vaults:4)
  4 purple draconians
  An iron golem (Depths:4)
  2 ettins
  2 eidola
  2 merfolk impalers
  3 merfolk javelineers
  7 ragged hierophants (Desolation)
  13 blizzard demons (Pan)
  2 jiangshi (Crypt:1)
  8 fire dragons
  2 great orbs of eyes (Slime:5)
  3 yaktaur captains
  2 juggernaut simulacra (Pan)
  5 naga warriors
  3 rakshasas
  5 salamander tyrants
  2 servants of whispers (Desolation)
  9 peacekeepers
  3 vault guards (Vaults:4)
  An ogre mage (D:14)
  An ice dragon (shapeshifter) (Vaults:5)
  A hydra (Lair:2)
  4 ice dragons
  2 spriggan air magi
  An anaconda (Snake:1)
  2 hell beasts (Pan)
  2 spriggan skeletons
  5 centaur warriors
  A fenstrider witch skeleton (Pan)
  A death knight (Crypt:1)
  A two-headed ogre (D:15)
  2 dancing weapons
  2 deep troll earth magi
  A titan zombie (Crypt:3)
  2 deep troll shamans (Depths:3)
  A vampire mage (Crypt:1)
  A tengu warrior (Depths:3)
  4 shock serpents
  18 death scarabs
  16 hell hogs
  A hell knight (Depths:4)
  A deep elf knight (Elf:2)
  An orc high priest (D:14)
  2 naga sharpshooters (Snake:4)
  Urug (Lair:2)
  44 sun demons (Pan)
  27 soul eaters
  A spriggan (Lair:1)
  7 skeletal warriors
  6 nameless horrors
  A bunyip zombie (Crypt:3)
  A salamander mystic (Snake:3)
  11 deep trolls
  A naga ritualist (Snake:4)
  A sea snake (Shoals:1)
  6 iron trolls
  20 sixfirhies (Pan)
  9 shadow demons (Pan)
  An obsidian statue (Zig:7)
  3 shadow wraiths
  2 bog bodies (Crypt:1)
  4 glowing orange brains (Pan)
  2 deep elf archers
  A lindwurm (Vaults:1)
  6 ironbound convokers
  3 phantasmal warriors
  6 wizards
  6 harpies
  A necromancer (Hell)
  A deep elf pyromancer (Bailey)
  A manticore (Shoals:3)
  An orc knight (D:14)
  2 deep elf zephyrmancers
  2 shining eyes
  An oklob plant (Lair:3)
  A faun (Shoals:3)
  A shadow dragon skeleton (Crypt:3)
  10 moths of wrath
  10 ugly things
  A cyclops (shapeshifter) (Vaults:4)
  An elephant (Lair:6)
  A worldbinder (Lair:1)
  A spectral centaur (Tar:1)
  6 naga magi
  8 salamanders
  19 smoke demons
  11 black mambas
  3 ice statues (Pan)
  2 water nymphs
  3 merfolk sirens
  2 rust devils
  3 molten gargoyles (Desolation)
  A centaur zombie (Hell)
  An eye of devastation (Slime:5)
  A rime drake (Lair:2)
  4 vault sentinels
  5 cane toads
  13 demonic crawlers (Pan)
  22 orange demons (Pan)
  6 hellions
  2 tengu conjurers
  3 freezing wraiths
  An alligator snapping turtle skeleton (Crypt:1)
  A black draconian zombie (Crypt:3)
  3 ice devils (Pan)
  An orc skeleton (Crypt:1)
  10 yaktaurs
  4 tormentors (Pan)
  8 hellwings (Pan)
  2 anaconda simulacra
  13 guardian mummies
  3 red devils (Pan)
  3 polar bears
  4 merfolk
  2 hydra zombies (Hell)
  A harpy skeleton (Pan)
  A hornet (Lair:1)
  30 saltlings (Desolation)
  29 slime creatures
  A blink frog (Lair:6)
  2 dream sheep (Shoals:1)
  An ettin zombie (Crypt:3)
  A snapping turtle (Shoals:2)
  4 yaks
  A vampire (D:14)
  13 ynoxinuls (Pan)
  9 ushabtiu (Tomb:2)
  7 water elementals
  A wraith (Crypt:3)
  2 humans (D:13)
  2 fire bats (Pan)
  A dire elephant simulacrum (Hell)
  19 chaos spawn (Pan)
  An ettin skeleton (Crypt:1)
  2 golden eyes (Pan)
  A basilisk (D:15)
  18 neqoxecs (Pan)
  A steam dragon (D:8)
  2 vampire mosquitoes (D:14)
  14 large abominations (Pan)
  11 nagas
  2 hell hounds (Hell)
  A naga zombie (Hell)
  A water moccasin (Lair:2)
  A floating eye (Pan)
  4 orc warriors
  An ice beast (Lair:2)
  3 necrophages
  A blink frog skeleton (Crypt:1)
  A jelly (Lair:6)
  7 orc priests (Orc:2)
  A scorpion zombie (Crypt:1)
  2 orc wizards (Orc:2)
  13 mummies
  A howler monkey zombie (Crypt:3)
  A white imp (Lair:2)
  An ufetubus (Pan)
  3 orcs
  An endoplasm (Lair:6)
  A frilled lizard (shapeshifter) (Depths:3)
  A creeping inferno (Hell)
  5 fire vortices
1057 creatures vanquished.

Vanquished Creatures (others)
  3 eldritch tentacles
  2 Executioners (Pan)
  A frost giant (Depths:3)
  A draconian stormcaller (Zot:1)
  A juggernaut skeleton (Hell)
  A demonspawn blood saint (Pan)
  An entropy weaver (Vaults:2)
  A green death (Pan)
  A great orb of eyes (Depths:4)
  A vault guard (D:13)
  A rakshasa (Pan)
  16 dancing weapons
  An orc high priest (Orc:2)
  A deep elf knight (Elf:2)
  A soul eater (Pan)
  A shock serpent (Lair:4)
  A large abomination (Pan)
  2 hellwings (Pan)
  A saltling (Desolation)
  A water elemental (Elf:1)
  An air elemental (Elf:1)
  A chaos spawn (Pan)
  A neqoxec (Pan)
  2 kobolds (D:8)
  18 ball lightnings (Pan)
  2 blocks of ice (Pan)
  A bush (Lair:2)
  3 creeping infernos
  2 fire vortices
  61 fungi
  2 pillars of salt
  382 plants
  4 starspawn tentacles
519 creatures vanquished.

Grand Total: 4955 creatures vanquished

Notes
Turn   | Place    | Note
-------+----------+-------------------------------------------
     0 | D:1      | Reached skill level 10 in Fighting
     0 | D:1      | ZeroWinrate the Gnoll Wanderer began the quest for the Orb.
     0 | D:1      | ZeroWinrate set off with the following items: a +3
                  | shortbow, a scroll of teleportation, a +0 leather armour
     0 | D:1      | Reached XP level 1. HP: 29/29 MP: 1/1
   141 | D:1      | Found a faded altar of an unknown god.
   220 | D:1      | Reached XP level 2. HP: 36/36 MP: 2/2
   863 | D:2      | Reached XP level 3. HP: 42/42 MP: 3/3
   965 | D:2      | Reached skill level 1 in Invocations
  1124 | D:2      | Found a hazy altar of Hepliaklqana.
  1149 | D:2      | Reached skill level 1 in Short Blades
  1149 | D:2      | Reached skill level 1 in Long Blades
  1149 | D:2      | Reached skill level 1 in Axes
  1149 | D:2      | Reached skill level 1 in Maces & Flails
  1149 | D:2      | Reached skill level 1 in Polearms
  1149 | D:2      | Reached skill level 1 in Staves
  1149 | D:2      | Reached skill level 1 in Slings
  1149 | D:2      | Reached skill level 1 in Crossbows
  1149 | D:2      | Reached skill level 1 in Armour
  1149 | D:2      | Reached skill level 1 in Dodging
  1149 | D:2      | Reached skill level 1 in Stealth
  1149 | D:2      | Reached skill level 1 in Shields
  1149 | D:2      | Reached skill level 1 in Unarmed Combat
  1149 | D:2      | Reached skill level 1 in Spellcasting
  1149 | D:2      | Reached skill level 1 in Evocations
  1179 | D:2      | Noticed Jessica
  1181 | D:2      | Killed Jessica
  1182 | D:2      | Reached XP level 4. HP: 48/48 MP: 5/5
  1354 | D:3      | Reached skill level 1 in Conjurations
  1354 | D:3      | Reached skill level 1 in Hexes
  1354 | D:3      | Reached skill level 1 in Summonings
  1354 | D:3      | Reached skill level 1 in Necromancy
  1354 | D:3      | Reached skill level 1 in Translocations
  1354 | D:3      | Reached skill level 1 in Transmutations
  1354 | D:3      | Reached skill level 1 in Fire Magic
  1354 | D:3      | Reached skill level 1 in Ice Magic
  1354 | D:3      | Reached skill level 1 in Air Magic
  1354 | D:3      | Reached skill level 1 in Earth Magic
  1354 | D:3      | Reached skill level 1 in Poison Magic
  1378 | D:3      | Found an ornate altar of the Wu Jian Council.
  2289 | D:4      | Reached XP level 5. HP: 54/54 MP: 6/6
  2534 | D:4      | Found a shadowy altar of Dithmenos.
  2712 | D:4      | Reached XP level 6. HP: 34/61 MP: 8/8
  3095 | D:4      | Found a glowing silver altar of Zin.
  3095 | D:4      | Noticed an angel
  3123 | D:5      | Entered Level 5 of the Dungeon
  3470 | D:5      | Found a radiant altar of Vehumet.
  3533 | D:5      | Reached XP level 7. HP: 42/67 MP: 10/10
  3536 | D:5      | Identified the -6 helmet "Weydun" {Regen+}
  4059 | D:5      | Found a staircase to the Ecumenical Temple.
  4092 | D:5      | Found a shimmering altar of Xom.
  4339 | D:5      | Reached XP level 8. HP: 42/74 MP: 12/12
  4553 | D:5      | Identified the +0 robe "Qasemusch" {Contam Int+3 Dex+6}
  4687 | D:6      | Identified the +1 leather armour of Totaf {Dex+5}
  4786 | D:6      | Found a glowing drain.
  4790 | Sewer    | Entered a sewer
  4914 | Sewer    | Identified the +4 rapier "Puthrih" {vorpal, Fragile rElec
                  | rCorr Int+4}
  4941 | Sewer    | Found a viscous altar of Jiyva.
  5103 | D:6      | Found a hazy altar of Hepliaklqana.
  5103 | D:6      | Found a stormy altar of Qazlal.
  5586 | D:6      | Noticed a wraith
  5595 | D:6      | Killed a wraith
  5681 | D:6      | Reached XP level 9. HP: 73/81 MP: 14/14
  5738 | D:6      | Noticed Eustachio
  5741 | D:6      | Found an opulent altar of Gozag.
  5751 | D:6      | Killed Eustachio
  5905 | D:6      | Became a worshipper of Gozag Ym Sagoz the Greedy
  6087 | D:6      | Noticed Pikel
  6107 | D:6      | Gained mutation: Your body sometimes deteriorates upon
                  | taking damage. [potion of mutation]
  6107 | D:6      | Gained mutation: You sometimes lose the ability to read
                  | scrolls when taking damage. [potion of mutation]
  6107 | D:6      | Gained mutation: You are somewhat resistant to further
                  | mutation. [potion of mutation]
  6118 | D:6      | Killed Pikel
  6119 | D:6      | Reached skill level 5 in Throwing
  6468 | D:6      | Lost mutation: Your body sometimes deteriorates upon taking
                  | damage. [potion of mutation]
  6468 | D:6      | Lost mutation: You are somewhat resistant to further
                  | mutation. [potion of mutation]
  6468 | D:6      | Lost mutation: You sometimes lose the ability to read
                  | scrolls when taking damage. [potion of mutation]
  6468 | D:6      | Gained mutation: You are partially covered in large bone
                  | plates. (SH +4) [potion of mutation]
  6468 | D:6      | Gained mutation: Your body sometimes deteriorates upon
                  | taking damage. [potion of mutation]
  6554 | D:6      | Reached skill level 5 in Invocations
  7043 | D:7      | Reached XP level 10. HP: 71/88 MP: 17/17
  7230 | D:7      | Identified the +1 chain mail of Kownock {rPois Will+ Int+2
                  | SInv}
  7233 | D:7      | Found a sand-covered staircase.
  7237 | Ossuary  | Entered an ossuary
  7477 | Ossuary  | Reached skill level 5 in Short Blades
  7477 | Ossuary  | Reached skill level 5 in Long Blades
  7477 | Ossuary  | Reached skill level 5 in Axes
  7477 | Ossuary  | Reached skill level 5 in Maces & Flails
  7477 | Ossuary  | Reached skill level 5 in Polearms
  7477 | Ossuary  | Reached skill level 5 in Staves
  7477 | Ossuary  | Reached skill level 5 in Slings
  7477 | Ossuary  | Reached skill level 5 in Crossbows
  7477 | Ossuary  | Reached skill level 5 in Armour
  7477 | Ossuary  | Reached skill level 5 in Dodging
  7477 | Ossuary  | Reached skill level 5 in Stealth
  7477 | Ossuary  | Reached skill level 5 in Shields
  7477 | Ossuary  | Reached skill level 5 in Unarmed Combat
  7477 | Ossuary  | Reached skill level 5 in Spellcasting
  7477 | Ossuary  | Reached skill level 5 in Evocations
  8066 | D:7      | Identified the ring "Oqaosomu" {Fly rPois rN+ rCorr Stlth+}
  8221 | D:8      | Reached skill level 10 in Bows
  8287 | D:8      | Found a sparkling altar of Nemelex Xobeh.
  8346 | D:8      | Noticed Erica
  8360 | D:8      | Found a flagged portal.
  8380 | Bailey   | Entered a bailey
  8431 | Bailey   | Found a large runed translucent door.
  8431 | Bailey   | Found a large runed translucent door.
  8432 | Bailey   | Noticed an orc knight
  8432 | Bailey   | Noticed a deep elf pyromancer
  8492 | Bailey   | Killed an orc knight
  8943 | Bailey   | Learned a level 3 spell: Inner Flame
  8947 | Bailey   | Learned a level 3 spell: Portal Projectile
  9055 | Bailey   | Learned a level 4 spell: Summon Ice Beast
  9061 | Bailey   | Learned a level 5 spell: Summon Mana Viper
  9061 | Bailey   | Noticed a nameless horror
  9072 | Bailey   | Killed a nameless horror
  9174 | Bailey   | Killed a deep elf pyromancer
  9361 | D:8      | Noticed Maggie
  9706 | D:8      | Found a blossoming altar of Fedhas.
  9890 | D:9      | Noticed a kobold demonologist
  9893 | D:9      | Noticed a kobold demonologist
 10074 | D:8      | Found a white marble altar of Elyvilon.
 10162 | D:8      | Killed Maggie
 10163 | D:8      | Reached XP level 11. HP: 70/95 MP: 14/19
 10334 | D:8      | Killed Erica
 10507 | D:9      | Noticed Erolcha
 10544 | D:8      | Bought a shadowed robe for 176 gold pieces
 10544 | D:8      | Identified the +2 robe of Whack-A-Mole {Int+4 Archmagi}
                  | (You bought it in a shop on level 8 of the Dungeon)
 10544 | D:8      | Bought an encrusted scale mail for 279 gold pieces
 10544 | D:8      | Identified the +1 scale mail "Ysmuig" {rN+ rCorr Str+2}
                  | (You bought it in a shop on level 8 of the Dungeon)
 10544 | D:8      | Bought a pair of glowing gloves for 232 gold pieces
 10560 | D:8      | Learned a level 3 spell: Mephitic Cloud
 10564 | D:8      | Learned a level 3 spell: Ignite Poison
 11097 | D:9      | Reached skill level 5 in Conjurations
 11097 | D:9      | Reached skill level 5 in Hexes
 11097 | D:9      | Reached skill level 5 in Summonings
 11097 | D:9      | Reached skill level 5 in Necromancy
 11097 | D:9      | Reached skill level 5 in Translocations
 11097 | D:9      | Reached skill level 5 in Transmutations
 11097 | D:9      | Reached skill level 5 in Fire Magic
 11097 | D:9      | Reached skill level 5 in Ice Magic
 11097 | D:9      | Reached skill level 5 in Air Magic
 11097 | D:9      | Reached skill level 5 in Earth Magic
 11097 | D:9      | Reached skill level 5 in Poison Magic
 11182 | D:9      | Killed Erolcha
 11188 | D:9      | Noticed Joseph
 11201 | D:9      | Killed Joseph
 11261 | D:9      | Noticed a soul eater
 11263 | D:9      | Noticed a soul eater
 11834 | D:10     | Entered Level 10 of the Dungeon
 11957 | D:10     | Learned a level 3 spell: Stone Arrow
 11969 | D:10     | Noticed a two-headed ogre
 11977 | D:10     | Killed a two-headed ogre
 11985 | D:10     | Lost mutation: You are partially covered in large bone
                  | plates. (SH +4) [potion of mutation]
 11985 | D:10     | Lost mutation: Your body sometimes deteriorates upon taking
                  | damage. [potion of mutation]
 11985 | D:10     | Gained mutation: You have sharp toenails. [potion of
                  | mutation]
 11985 | D:10     | Gained mutation: You expend magic power (3 MP) to
                  | strengthen your wands. [potion of mutation]
 12295 | D:10     | Found a shimmering blue altar of Sif Muna.
 12443 | D:10     | Found Fulusyb's Book Shop.
 12463 | D:10     | Found a burning altar of Makhleb.
 12528 | D:10     | Noticed a two-headed ogre
 12537 | D:10     | Killed a two-headed ogre
 12538 | D:10     | Reached XP level 12. HP: 103/103 MP: 15/22
 12943 | D:11     | Noticed a boulder beetle
 12954 | D:11     | Killed a boulder beetle
 13463 | D:11     | Found a staircase to the Lair.
 13470 | D:11     | Got the Tome of Fire and Hexes
 13587 | D:11     | Noticed a boulder beetle
 13600 | D:11     | Killed a boulder beetle
 14490 | D:12     | Noticed a boulder beetle
 14495 | D:12     | Killed a boulder beetle
 14827 | D:12     | Noticed Psyche
 14830 | D:12     | Killed Psyche
 14995 | D:12     | Found a staircase to the Orcish Mines.
 15316 | D:13     | Noticed Josephine
 15330 | D:13     | Killed Josephine
 15337 | D:13     | Reached XP level 13. HP: 72/109 MP: 10/24
 15558 | D:13     | Killed a vault guard
 15978 | D:13     | Noticed a vault guard
 16011 | D:13     | Killed a vault guard
 16043 | D:13     | Found a gate to the Vaults.
 16690 | D:10     | Bought a book of Vapours for 180 gold pieces
 16696 | D:10     | Learned a level 4 spell: Dispel Undead
 16719 | Lair:1   | Entered Level 1 of the Lair of Beasts
 16847 | Lair:1   | Noticed Amaemon
 16859 | Lair:1   | Killed Amaemon
 17196 | Lair:1   | Learned a level 2 spell: Blink
 17490 | Lair:1   | Found a transporter.
 17493 | Lair:1   | Found a transporter.
 17737 | Lair:1   | Noticed Harold
 17742 | Lair:1   | Killed Harold
 17786 | Lair:1   | Noticed Nergalle
 17835 | D:11     | Identified the +0 cloak of Daz Udawk {rF+++ Int+6 Dex+4
                  | Stlth-}
 17921 | Orc:1    | Entered Level 1 of the Orcish Mines
 17978 | Orc:1    | Noticed an orc warlord
 18008 | Orc:1    | Identified the +6 scimitar of the Dead {vamp, rF+++ Dex-5
                  | SInv}
 18030 | Orc:1    | Noticed an orc warlord
 18053 | Orc:1    | Killed an orc warlord
 18484 | Orc:2    | Entered Level 2 of the Orcish Mines
 18556 | Orc:2    | Reached XP level 14. HP: 96/118 MP: 16/26
 19984 | Orc:2    | Found a staircase to the Elven Halls.
 20143 | Orc:2    | Found Jugh's Book Boutique.
 20143 | Orc:2    | Found Huhiometo's Magic Scroll Shop.
 20149 | Orc:2    | Found Jounis's Assorted Antiques.
 20151 | Orc:2    | Found Digef's Antique Armour Boutique.
 20158 | Orc:2    | Bought a scroll of identify for 48 gold pieces
 20163 | Orc:2    | Bought a scroll of teleportation for 42 gold pieces
 20163 | Orc:2    | Bought a scroll of fear for 49 gold pieces
 20163 | Orc:2    | Bought a scroll of identify for 28 gold pieces
 20163 | Orc:2    | Bought a scroll of teleportation for 42 gold pieces
 20531 | Elf:1    | Entered Level 1 of the Elven Halls
 20742 | Elf:2    | Reached skill level 10 in Invocations
 21124 | Elf:1    | Paralysed by an air elemental for 1 turns
 21190 | Elf:1    | Noticed a deep elf annihilator
 21196 | Elf:1    | Killed a deep elf annihilator
 21697 | Elf:1    | Got Joisun's Handbook of Attacks
 23016 | Lair:1   | Killed Nergalle
 23170 | Lair:1   | Noticed mcwallace's ghost (journeyman FoIE)
 23175 | Lair:1   | Found a one-way gate to the infinite horrors of the Abyss.
 23338 | Lair:2   | Noticed Urug
 23343 | Lair:2   | Killed Urug
 23394 | Lair:2   | Found a staircase to the Shoals.
 23409 | Lair:2   | Reached skill level 10 in Throwing
 23930 | Lair:2   | Reached XP level 15. HP: 126/126 MP: 23/28
 25041 | Temple   | Entered the Ecumenical Temple
 25830 | D:13     | Reached skill level 10 in Short Blades
 25830 | D:13     | Reached skill level 10 in Long Blades
 25830 | D:13     | Reached skill level 10 in Axes
 25830 | D:13     | Reached skill level 10 in Maces & Flails
 25830 | D:13     | Reached skill level 10 in Polearms
 25830 | D:13     | Reached skill level 10 in Staves
 25830 | D:13     | Reached skill level 10 in Slings
 25830 | D:13     | Reached skill level 10 in Crossbows
 25830 | D:13     | Reached skill level 10 in Armour
 25830 | D:13     | Reached skill level 10 in Dodging
 25830 | D:13     | Reached skill level 10 in Stealth
 25830 | D:13     | Reached skill level 10 in Shields
 25830 | D:13     | Reached skill level 10 in Unarmed Combat
 25830 | D:13     | Reached skill level 10 in Spellcasting
 25830 | D:13     | Reached skill level 10 in Evocations
 26490 | D:14     | Found a bloodstained altar of Trog.
 26667 | D:14     | Noticed an orc warlord
 26668 | D:14     | Found a transporter.
 26669 | D:14     | Noticed an orc warlord
 27027 | D:14     | Found a transporter.
 27334 | Orc:2    | Bought the Unrestrained Analects for 528 gold pieces
 27342 | Orc:2    | Learned a level 7 spell: Ozocubu's Refrigeration
 27348 | Orc:2    | Learned a level 4 spell: Olgreb's Toxic Radiance
 27451 | D:15     | Entered Level 15 of the Dungeon
 27977 | D:15     | Noticed Rupert
 27987 | D:15     | Killed Rupert
 29052 | D:15     | Found a staircase to the Depths.
 29311 | Shoals:1 | Entered Level 1 of the Shoals
 29708 | Depths:1 | Entered Level 1 of the Depths
 29980 | Depths:1 | Noticed a sphinx
 30296 | D:14     | Reached XP level 16. HP: 96/134 MP: 16/30
 30763 | D:14     | Identified the +2 pair of gloves of an ossuary {Dex+4}
 31138 | D:14     | Identified the +7 chain mail of Syndicalism {rC+ Will+++
                  | Str-4 Int+3}
 32261 | Lair:4   | Noticed Snorg
 32303 | Lair:3   | Killed Snorg
 33852 | Lair:6   | Entered Level 6 of the Lair of Beasts
 33858 | Lair:6   | Found a runed translucent door.
 33859 | Lair:6   | Found a viscous altar of Jiyva.
 33859 | Lair:6   | Found a staircase to the Slime Pits.
 33975 | Lair:6   | Found an ornate altar of the Wu Jian Council.
 34871 | Lair:6   | Got the Reference Book on Twisted Lightness
 35336 | Slime:1  | Entered Level 1 of the Pits of Slime
 35336 | Slime:1  | Noticed a rockslime
 35336 | Slime:1  | Noticed an azure jelly
 35622 | Shoals:1 | Reached skill level 15 in Fighting
 37094 | Shoals:2 | Reached XP level 17. HP: 141/142 MP: 32/32
 37558 | Shoals:2 | Learned a level 4 spell: Airstrike
 37671 | Shoals:2 | Found Puf Tuukh's Antique Armour Boutique.
 38577 | Shoals:3 | Noticed dolemite99's ghost (adept HOFi)
 38585 | Shoals:3 | Found a bloodstained altar of Trog.
 38941 | Shoals:3 | Found a transporter.
 38944 | Shoals:3 | Found a transporter.
 39625 | Shoals:4 | Entered Level 4 of the Shoals
 40132 | Shoals:4 | Identified the ring "Ryqin" {AC+4 Str+3}
 40509 | Shoals:4 | Identified the +3 chain mail of the Worm {Will++}
 40645 | Shoals:4 | Reached skill level 10 in Conjurations
 40645 | Shoals:4 | Reached skill level 10 in Hexes
 40645 | Shoals:4 | Reached skill level 10 in Summonings
 40645 | Shoals:4 | Reached skill level 10 in Necromancy
 40645 | Shoals:4 | Reached skill level 10 in Translocations
 40645 | Shoals:4 | Reached skill level 10 in Transmutations
 40645 | Shoals:4 | Reached skill level 10 in Fire Magic
 40645 | Shoals:4 | Reached skill level 10 in Ice Magic
 40645 | Shoals:4 | Reached skill level 10 in Air Magic
 40645 | Shoals:4 | Reached skill level 10 in Earth Magic
 40645 | Shoals:4 | Reached skill level 10 in Poison Magic
 41592 | Shoals:4 | Got a barnacled rune of Zot
 42680 | Elf:2    | Found a runed translucent gate.
 42681 | Elf:2    | Found a runed translucent gate.
 42681 | Elf:2    | Found a runed translucent gate.
 42985 | Elf:2    | Reached XP level 18. HP: 150/150 MP: 27/34
 43946 | Elf:2    | Found Arijeole's Weapon Shop.
 43981 | Elf:2    | Found Poysm's Antique Armour Shop.
 44817 | Elf:3    | Entered Level 3 of the Elven Halls
 45116 | Elf:3    | Found a frozen archway.
 45270 | IceCv    | Entered an ice cave
 45276 | IceCv    | Found a transporter.
 45674 | IceCv    | Found a transporter.
 45746 | IceCv    | Got the Incunabulum of Flying Fire
 46582 | Elf:3    | Noticed a deep elf blademaster
 46594 | Elf:3    | Killed a deep elf blademaster
 47671 | Elf:3    | Reached skill level 15 in Bows
 47773 | Elf:3    | Identified the +4 quarterstaff of Fedhas's Grace {flame,
                  | rN+ Dex-5 Stlth+}
 47845 | Elf:3    | Noticed a deep elf blademaster
 48037 | Elf:3    | Killed a deep elf blademaster
 48244 | Elf:3    | Identified the amulet of Etaolul {Faith *Corrode rN+ Dex+5}
 48244 | Elf:3    | Noticed a deep elf master archer
 48864 | Lair:2   | Learned a level 7 spell: Monstrous Menagerie
 48869 | Lair:2   | Identified the +3 battleaxe "Teaka" {vorpal, rC+ Int+3
                  | SInv}
 49247 | Lair:3   | Identified the +4 ring mail of Daisies {Rampage rN+ Str+4}
 49600 | Lair:4   | Found a staircase to the Snake Pit.
 50642 | Snake:1  | Entered Level 1 of the Snake Pit
 50935 | D:5      | Bought the amulet of Vitality {Regen+ HP+15} for 1343 gold
                  | pieces
 50935 | D:5      | Found the amulet of Vitality {Regen+ HP+15}
 51274 | Lair:4   | Reached XP level 19. HP: 77/157 MP: 0/35
 52358 | Depths:1 | Found a one-way gateway to a ziggurat.
 53468 | Snake:1  | Found Ona Juewn's Book Shoppe.
 53468 | Snake:1  | Found Atulaeci's Jewellery Boutique.
 53469 | Snake:1  | Found Jorokad's Book Shoppe.
 54929 | Snake:2  | Found an ornate altar of the Wu Jian Council.
 54946 | Snake:2  | Found Wyredehi's Armour Boutique.
 55002 | Snake:2  | Found Suluasauco's Jewellery Shop.
 55069 | Snake:2  | Noticed Vashnia
 55263 | Snake:2  | Noticed Mlioglotl
 55289 | Snake:2  | Killed Mlioglotl
 56731 | Snake:2  | Killed Vashnia
 57917 | Snake:3  | Reached XP level 20. HP: 166/166 MP: 3/37
 58327 | Snake:4  | Entered Level 4 of the Snake Pit
 59137 | Snake:4  | Found Kauculip's Assorted Antiques.
 59139 | Snake:4  | Found Susoasyu's General Store.
 60402 | Snake:4  | Got a serpentine rune of Zot
 61203 | Vaults:1 | Entered Level 1 of the Vaults
 61239 | Vaults:1 | Reached skill level 15 in Invocations
 61651 | Vaults:1 | Found Milucimm's Assorted Antiques.
 61661 | Vaults:1 | Bought a wand of acid (6) for 328 gold pieces
 61823 | Vaults:1 | Found a magical portal.
 63274 | Vaults:1 | Noticed Saint Roka
 63291 | Vaults:1 | Killed Saint Roka
 63503 | Vaults:2 | Found a staircase to the Crypt.
 63731 | Vaults:2 | Reached XP level 21. HP: 174/174 MP: 30/39
 64129 | Vaults:2 | Found Etonimp's Antique Weapon Shoppe.
 64209 | Vaults:2 | HP: 2/189 [frost giant/bolt of cold (37)]
 64529 | Depths:1 | Paralysed by a vampire knight for 6 turns
 64725 | Depths:1 | Found a gateway to Hell.
 64845 | Depths:1 | Paralysed by a great orb of eyes for 4 turns
 64995 | Depths:1 | Found the +8 Vampire's Tooth {vamp}
 66333 | D:5      | Bought the +2 helmet of Paranoia {rElec Will+ Stlth+} for
                  | 738 gold pieces
 66347 | D:5      | Bought a scroll of identify for 32 gold pieces
 66347 | D:5      | Bought a scroll of identify for 32 gold pieces
 66743 | Elf:3    | Identified the +3 hand axe of Honour {speed, *Corrode rElec
                  | Str+5 Stlth+}
 66846 | Elf:3    | Identified the +5 morningstar "Lutsull" {protect, Str+4}
 66924 | Elf:3    | Identified the +0 cloak of Honour {rC- Will+++ Str+4 Dex-4}
 66950 | Elf:3    | Got Sif Muna's Incunabulum of Lightness
 66962 | Elf:3    | Got the Guide on the Sinister Arsonist
 66972 | Elf:3    | Identified the +4 arbalest of Integrity {flame, Fragile Fly
                  | rElec}
 67402 | Crypt:1  | Entered Level 1 of the Crypt
 70430 | Crypt:1  | Identified the +1 leather armour of the Storm King {Harm
                  | Str+4}
 71209 | Crypt:2  | Reached skill level 15 in Throwing
 71739 | Crypt:2  | Reached XP level 22. HP: 183/183 MP: 40/40
 71912 | Crypt:2  | Upgraded the game from 0.29-a0-222-g5b244fca1f to
                  | 0.29-a0-231-g945431f764
 71924 | Crypt:3  | Entered Level 3 of the Crypt
 72469 | Crypt:3  | Found a staircase to the Tomb.
 72916 | Crypt:3  | Paralysed by a vampire knight for 5 turns
 73381 | Crypt:3  | Reached skill level 15 in Short Blades
 73381 | Crypt:3  | Reached skill level 15 in Long Blades
 73381 | Crypt:3  | Reached skill level 15 in Axes
 73381 | Crypt:3  | Reached skill level 15 in Maces & Flails
 73381 | Crypt:3  | Reached skill level 15 in Polearms
 73381 | Crypt:3  | Reached skill level 15 in Staves
 73381 | Crypt:3  | Reached skill level 15 in Slings
 73381 | Crypt:3  | Reached skill level 15 in Crossbows
 73381 | Crypt:3  | Reached skill level 15 in Armour
 73381 | Crypt:3  | Reached skill level 15 in Dodging
 73381 | Crypt:3  | Reached skill level 15 in Stealth
 73381 | Crypt:3  | Reached skill level 15 in Shields
 73381 | Crypt:3  | Reached skill level 15 in Unarmed Combat
 73381 | Crypt:3  | Reached skill level 15 in Spellcasting
 73381 | Crypt:3  | Reached skill level 15 in Evocations
 73744 | Crypt:3  | Identified the +1 ring mail of Sloth {rN+ Regen+ Str+4
                  | Int+2}
 74058 | Crypt:3  | Found a basalt altar of Yredelemnul.
 74091 | Crypt:3  | Identified the ring of Zod Diy {EV+4 Str-3 Dex+6}
 74094 | Crypt:3  | Paralysed by a vampire knight for 6 turns
 74169 | Crypt:3  | Identified a scroll of acquirement
 74170 | Crypt:3  | Acquired 778 gold pieces
 75101 | Crypt:3  | Identified the +10 trident of Ashenzari's Delight {holy,
                  | Dex+7}
 77150 | Slime:3  | Gained mutation: You tend to lose your temper in combat. [a
                  | shining eye]
 77439 | Slime:4  | Paralysed by a great orb of eyes for 4 turns
 77651 | Slime:4  | Reached XP level 23. HP: 190/190 MP: 33/42
 77685 | Slime:5  | Entered Level 5 of the Pits of Slime
 77690 | Slime:5  | Upgraded the game from 0.29-a0-231-g945431f764 to
                  | 0.29-a0-233-g1125b37a9b
 77697 | Slime:5  | Learned a level 6 spell: Summon Cactus Giant
 77911 | Lair:1   | Lost mutation: You have sharp toenails. [potion of
                  | mutation]
 77911 | Lair:1   | Lost mutation: You tend to lose your temper in combat.
                  | [potion of mutation]
 77911 | Lair:1   | Gained mutation: Armour fits poorly on your strangely
                  | shaped body. [potion of mutation]
 77911 | Lair:1   | Gained mutation: You are clumsy. (Dex -2) [potion of
                  | mutation]
 77912 | Lair:1   | Lost mutation: You are clumsy. (Dex -2) [potion of
                  | mutation]
 77912 | Lair:1   | Lost mutation: Armour fits poorly on your strangely shaped
                  | body. [potion of mutation]
 77912 | Lair:1   | Gained mutation: You are agile. (Dex +2) [potion of
                  | mutation]
 77912 | Lair:1   | Gained mutation: You have hidden genetic potential. [potion
                  | of mutation]
 77912 | Lair:1   | Gained mutation: Your flesh is heat resistant. (rF+)
                  | [potion of mutation]
 78009 | Shoals:3 | Killed dolemite99's ghost
 78558 | Slime:4  | Learned a level 7 spell: Orb of Destruction
 79000 | Slime:5  | Gained mutation: You are occasionally teleported next to
                  | monsters. [a shining eye]
 79006 | Slime:5  | Lost mutation: You are agile. (Dex +2) [potion of mutation]
 79006 | Slime:5  | Lost mutation: You expend magic power (3 MP) to strengthen
                  | your wands. [potion of mutation]
 79006 | Slime:5  | Lost mutation: Your flesh is heat resistant. (rF+) [potion
                  | of mutation]
 79006 | Slime:5  | Gained mutation: Your spells are a little easier to cast,
                  | but a little less powerful. [potion of mutation]
 79006 | Slime:5  | Gained mutation: You are partially covered in large bone
                  | plates. (SH +4) [potion of mutation]
 79006 | Slime:5  | Gained mutation: You have a pair of small horns on your
                  | head. [potion of mutation]
 79368 | D:9      | Lost mutation: You are partially covered in large bone
                  | plates. (SH +4) [potion of mutation]
 79368 | D:9      | Lost mutation: You are occasionally teleported next to
                  | monsters. [potion of mutation]
 79368 | D:9      | Lost mutation: Your spells are a little easier to cast, but
                  | a little less powerful. [potion of mutation]
 79368 | D:9      | Gained mutation: You are robust. (+10% HP) [potion of
                  | mutation]
 79368 | D:9      | Gained mutation: Your system is resistant to poisons.
                  | (rPois) [potion of mutation]
 79368 | D:9      | Gained mutation: You have supernaturally acute eyesight.
                  | (SInv) [potion of mutation]
 79991 | Slime:5  | Learned a level 7 spell: Spellforged Servitor
 80406 | Orc:2    | Bought a scroll of teleportation for 42 gold pieces
 80406 | Orc:2    | Bought a scroll of teleportation for 42 gold pieces
 80406 | Orc:2    | Bought a scroll of immolation for 49 gold pieces
 80408 | Orc:2    | Bought a faintly humming scale mail for 216 gold pieces
 80408 | Orc:2    | Identified the +1 scale mail "Meofibb" {Rampage +Blink rF-}
                  | (You bought it in a shop on level 2 of the Orcish Mines)
 81275 | Slime:5  | Found a viscous altar of Jiyva.
 81275 | Slime:5  | Found the +3 crown of Dyrovepreva {rElec Int+2 SInv}
 81283 | Slime:5  | Found the ring of the Hare {EV+8}
 81284 | Slime:5  | Found the +5 sword of Power {vorpal}
 81664 | D:5      | Bought a scroll of fog for 32 gold pieces
 81664 | D:5      | Bought a scroll of acquirement for 832 gold pieces
 81664 | D:5      | Bought a scroll of blinking for 120 gold pieces
 81664 | D:5      | Acquired 330 gold pieces
 82060 | Slime:5  | Noticed the Royal Jelly
 82086 | Slime:5  | Killed the Royal Jelly
 82578 | Slime:5  | Identified the +7 triple sword of the Sun {venom, +Blink
                  | MP+9}
 82605 | Slime:5  | Got Plog's Catalogue of Earthen Unholy Secrets
 82634 | Slime:5  | Identified the +8 hunting sling of the Spider Nest {flame,
                  | rPois rC+ rCorr Stlth-}
 82665 | Slime:5  | Identified the +11 battleaxe of Mana {venom, rN+ rCorr
                  | Int+4 SInv}
 82691 | Slime:5  | Got a slimy rune of Zot
 84274 | Vaults:3 | Found a crumbling gateway.
 84280 | Desolati | Entered the Desolation of Salt
 85902 | Desolati | Got Sif Muna's Handbook of Ghastly Combat Magic
 85905 | Desolati | Got the Grimoire of Displaced Lightness
 85907 | Desolati | Identified the ring of Setiptome {rF+ rCorr Str+6 Int+3}
 85916 | Desolati | Got Sif Muna's Grimoire of Earthen Summoning
 85922 | Desolati | Identified the +1 chain mail "Cefrunli" {Int+2}
 85960 | Desolati | Identified the ring "Lusoisof" {rC+ Int+4 Dex+2 Slay+3}
 85965 | Desolati | Identified the amulet of Piat {Faith rElec rF+ rC++ Int-3}
 86310 | Vaults:3 | Noticed Mara
 86322 | Vaults:3 | Noticed ZeroWinrate's illusion
 86334 | Vaults:3 | Killed Mara
 87340 | Vaults:3 | Found Jais's Book Shop.
 87843 | Vaults:3 | Reached XP level 24. HP: 193/218 MP: 23/43
 87877 | Vaults:3 | Gained mutation: Your mind is acute. (Int +2) [hidden
                  | potential]
 88226 | Vaults:4 | Identified the +4 falchion of Erphasewikh {vorpal, rF-
                  | Will+++ Int-3 Dex+4}
 89099 | Vaults:4 | Found Xaarock's Weapon Shoppe.
 90863 | Vaults:5 | Entered Level 5 of the Vaults
 90863 | Vaults:5 | Noticed a dread lich
 90999 | Vaults:4 | Learned a level 5 spell: Irradiate
 91204 | Vaults:4 | Killed a dread lich
 91589 | Vaults:5 | Noticed an ancient lich
 91676 | Vaults:5 | Noticed Sojobo
 91677 | Vaults:5 | Upgraded the game from 0.29-a0-233-g1125b37a9b to
                  | 0.29-a0-234-g0dae59b3db
 91690 | Vaults:5 | Killed Sojobo
 91691 | Vaults:5 | Reached XP level 25. HP: 163/228 MP: 12/43
 91729 | Vaults:5 | Gained mutation: You have a pair of horns on your head.
                  | [hidden potential]
 91729 | Vaults:5 | Lost mutation: You have hidden genetic potential. [hidden
                  | potential expressed]
 91891 | Vaults:5 | Noticed a dread lich
 91943 | Vaults:5 | Killed a dread lich
 92178 | Vaults:5 | Noticed a dread lich
 92187 | Vaults:5 | Killed a dread lich
 92436 | Vaults:5 | Killed an ancient lich
 92969 | Vaults:5 | Identified the +0 buckler of Impatience {rCorr Dex-3
                  | Slay+4}
 93236 | Vaults:5 | Identified the ring of Balance {rN+ SInv}
 94149 | Vaults:5 | Got a silver rune of Zot
 95951 | Depths:2 | Noticed a juggernaut
 95963 | Depths:2 | Killed a juggernaut
 96165 | Depths:2 | Noticed a juggernaut
 96169 | Depths:2 | Killed a juggernaut
 96679 | Depths:2 | Reached XP level 26. HP: 234/234 MP: 31/44
 97301 | Depths:2 | Found a one-way gate leading to the halls of Pandemonium.
 97389 | Depths:2 | Identified the +10 dagger "Nutit" {spect, rElec Dex-3
                  | Stlth+}
 97501 | Depths:2 | Found a shimmering blue altar of Sif Muna.
 97807 | Depths:2 | Learned a level 6 spell: Statue Form
 97986 | Depths:3 | Noticed a juggernaut
 98010 | Depths:3 | Killed a juggernaut
 98039 | Depths:3 | Reached skill level 15 in Conjurations
 98039 | Depths:3 | Reached skill level 15 in Hexes
 98039 | Depths:3 | Reached skill level 15 in Summonings
 98039 | Depths:3 | Reached skill level 15 in Necromancy
 98039 | Depths:3 | Reached skill level 15 in Translocations
 98039 | Depths:3 | Reached skill level 15 in Transmutations
 98039 | Depths:3 | Reached skill level 15 in Fire Magic
 98039 | Depths:3 | Reached skill level 15 in Ice Magic
 98039 | Depths:3 | Reached skill level 15 in Air Magic
 98039 | Depths:3 | Reached skill level 15 in Earth Magic
 98039 | Depths:3 | Reached skill level 15 in Poison Magic
 98685 | Depths:3 | Noticed Parghit
 98727 | Depths:3 | Killed Parghit
 99429 | Lair:1   | Killed mcwallace's ghost
 99536 | Lair:1   | Got the Volume of the Aerial Arsonist
 99856 | Depths:4 | Entered Level 4 of the Depths
100060 | Depths:4 | Noticed Vv
100089 | Depths:4 | Killed Vv
100446 | Depths:4 | Found a runed translucent door.
100447 | Depths:4 | Found a shimmering altar of Xom.
100447 | Depths:4 | Noticed Foimof's ghost (adept FeVM)
100633 | Depths:4 | Found a gate to the Realm of Zot.
100971 | Depths:4 | Killed Foimof's ghost
101089 | Zot:1    | Entered Level 1 of the Realm of Zot
101571 | Zot:1    | Reached XP level 27. HP: 247/247 MP: 45/45
101870 | Zot:1    | Noticed an orb of fire
101881 | Zot:1    | Gained mutation: You sometimes lose the ability to read
                  | scrolls when taking damage. [an orb of fire]
101886 | Zot:1    | Killed an orb of fire
102607 | Zot:2    | Learned a level 8 spell: Lehudib's Crystal Spear
103032 | Zot:2    | Noticed Zenata
103053 | Zot:2    | Killed Zenata
105465 | Zot:3    | Learned a level 8 spell: Summon Horrible Things
106032 | Zot:5    | Entered Level 5 of the Realm of Zot
106137 | Zot:4    | Identified the +1 scale mail of Absolutism {Regen+ Str+3}
106487 | Zot:5    | Found the +1 robe of Vines {NoPotionHeal Regen++++}
107077 | Zot:5    | Noticed a dread lich
107106 | Zot:5    | Killed a dread lich
107120 | Zot:5    | Noticed a dread lich
107160 | Zot:5    | Upgraded the game from 0.29-a0-234-g0dae59b3db to
                  | 0.29-a0-243-g602b31c20e
107489 | Zot:5    | Paralysed by a dread lich for 5 turns
107495 | Zot:5    | Killed a dread lich
107641 | Zot:5    | Noticed an orb of fire
107644 | Zot:5    | Gained mutation: You are weak. (Str -2) [an orb of fire]
107649 | Zot:5    | Lost mutation: You are robust. (+10% HP) [an orb of fire]
107660 | Zot:5    | Killed an orb of fire
108017 | Zot:5    | Noticed an orb of fire
108019 | Zot:5    | Noticed an orb of fire
108035 | Zot:5    | Killed an orb of fire
108039 | Zot:5    | Killed an orb of fire
108739 | Hell     | Entered the Vestibule of Hell
108739 | Hell     | Noticed Geryon
108746 | Hell     | Killed Geryon
108754 | Hell     | Noticed Murray
108903 | Hell     | Gained mutation: You are frail. (-10% HP) [mutagenic glow]
108907 | Hell     | Killed Murray
108915 | Depths:4 | Gained mutation: You are very frail. (-20% HP) [mutagenic
                  | glow]
108922 | Depths:4 | Gained mutation: Your body sometimes deteriorates upon
                  | taking damage. [mutagenic glow]
109038 | Hell     | Paralysed by a vampire knight for 5 turns
109434 | Hell     | Found a gateway to the decaying netherworld of Tartarus.
109512 | Hell     | Found a gateway to the ashen valley of Gehenna.
109664 | Hell     | Found a gateway to the Iron City of Dis.
109739 | Hell     | Found a gateway to the freezing wastes of Cocytus.
109817 | Dis:1    | Entered Level 1 of the Iron City of Dis
110181 | Coc:1    | Entered Level 1 of Cocytus
110219 | Tar:1    | Entered Level 1 of Tartarus
110692 | Hell     | Lost mutation: Your body sometimes deteriorates upon taking
                  | damage. [potion of mutation]
110692 | Hell     | Lost mutation: You are very frail. (-20% HP) [potion of
                  | mutation]
110692 | Hell     | Lost mutation: Your system is resistant to poisons. (rPois)
                  | [potion of mutation]
110692 | Hell     | Gained mutation: You are partially covered in iridescent
                  | scales. (AC +2) [potion of mutation]
110693 | Hell     | Lost mutation: You sometimes lose the ability to read
                  | scrolls when taking damage. [potion of mutation]
110693 | Hell     | Lost mutation: You are frail. (-10% HP) [potion of
                  | mutation]
110693 | Hell     | Lost mutation: You have supernaturally acute eyesight.
                  | (SInv) [potion of mutation]
110693 | Hell     | Gained mutation: You have an increased reservoir of magic.
                  | (+10% MP) [potion of mutation]
110756 | Geh:1    | Entered Level 1 of Gehenna
110990 | Geh:2    | Noticed an ancient lich
111031 | Geh:2    | Killed an ancient lich
112118 | Geh:5    | Noticed an ancient lich
112305 | Pan      | Entered Pandemonium
112601 | Pan      | Noticed Zulen the pandemonium lord
112603 | Pan      | Gained mutation: Your body sometimes deteriorates upon
                  | taking damage. [a neqoxec]
112632 | Pan      | Killed Zulen the pandemonium lord
112851 | Pan      | Gained mutation: You are clumsy. (Dex -2) [a neqoxec]
113978 | Pan      | Identified the +7 glaive "Utirphoi" {holy, rF+}
114084 | Pan      | Noticed Urghadgh the pandemonium lord
114090 | Pan      | Killed Urghadgh the pandemonium lord
114138 | Pan      | Noticed Mennas
114145 | Pan      | Killed Mennas
114985 | Pan      | Learned a level 3 spell: Inner Flame
114996 | Pan      | Learned a level 8 spell: Maxwell's Capacitive Coupling
117019 | Pan      | Noticed Teutteo the pandemonium lord
117062 | Pan      | Killed Teutteo the pandemonium lord
117287 | Pan      | Got a demonic rune of Zot
117847 | Pan      | Found a runed translucent door.
117852 | Pan      | Found a runed translucent door.
117856 | Pan      | Found a runed translucent door.
117870 | Pan      | Found a runed translucent door.
118592 | Pan      | Noticed Juma the pandemonium lord
118596 | Pan      | Killed Juma the pandemonium lord
118662 | Pan      | Identified the +7 shortbow "Hyoneh" {vorpal, rN+}
118929 | Pan      | Identified the ring of Onniseni {rPois Str+2}
119595 | Pan      | Noticed Pehuqumani the pandemonium lord
119609 | Pan      | Killed Pehuqumani the pandemonium lord
120115 | Pan      | Identified the +1 dagger "Pendulum" {speed, rElec rC+ rN+
                  | Dex+3}
120800 | Pan      | Found a runed translucent door.
121367 | Pan      | Noticed Avurph the pandemonium lord
121544 | Pan      | Killed Avurph the pandemonium lord
121638 | Pan      | Lost mutation: You have a pair of horns on your head.
                  | [potion of mutation]
121638 | Pan      | Lost mutation: You have an increased reservoir of magic.
                  | (+10% MP) [potion of mutation]
121638 | Pan      | Lost mutation: Your mind is acute. (Int +2) [potion of
                  | mutation]
121806 | Pan      | Entered the realm of Gloorx Vloq.
121931 | Pan      | Noticed Gloorx Vloq
121963 | Pan      | Killed Gloorx Vloq
122076 | Pan      | Got a dark rune of Zot
122133 | Pan      | Identified the ring of the Endless Bounties {MP+9 Str+4}
123532 | Pan      | Found a runed translucent door.
123689 | Pan      | Noticed Tevunau the pandemonium lord
123710 | Pan      | Killed Tevunau the pandemonium lord
124539 | Pan      | Gained mutation: Potions are less effective at restoring
                  | your health. [a neqoxec]
124546 | Pan      | Noticed Oleucaz the pandemonium lord
124555 | Pan      | Killed Oleucaz the pandemonium lord
124652 | Pan      | Gained mutation: You are very clumsy. (Dex -4) [a neqoxec]
124811 | Pan      | Gained mutation: You have a pair of horns on your head. [a
                  | neqoxec]
126104 | Pan      | Entered the realm of Lom Lobon.
126396 | Pan      | Noticed Lom Lobon
126410 | Pan      | Killed Lom Lobon
126426 | Pan      | Got a magical rune of Zot
127009 | Pan      | Found an exit through the horrors of the Abyss.
127611 | Pan      | Entered the realm of Cerebov.
127611 | Pan      | Found the +6 sword of Cerebov {flame}
127611 | Pan      | Noticed Cerebov
127618 | Pan      | Killed Cerebov
127640 | Pan      | Got the Catalogue of Weightlessness and Cold
127755 | Pan      | Got a fiery rune of Zot
128211 | Pan      | Got the Papyrus of the Fiery Escort
128547 | Pan      | Identified the +1 robe "Cetum" {Regen+ Dex+3 Stlth-}
128553 | Pan      | Identified the +0 leather armour "Plog" {rN++ Will+ Stlth+}
128694 | Pan      | Identified the +8 lajatang of the Unspeakable One {freeze,
                  | Int+2 SInv}
129518 | Pan      | Identified the +1 halberd of Riyxtof {flame, *Rage rElec
                  | rF++ Str+3}
129614 | Pan      | Identified the +7 spear of Deflation {flame, Int+3}
129695 | Pan      | Entered the realm of Mnoleg.
129734 | Pan      | Gained mutation: You are robust. (+10% HP) [a cacodemon]
129867 | Pan      | Gained mutation: Potions cannot restore your health. [a
                  | shining eye]
129919 | Pan      | Gained mutation: You are mostly covered in iridescent
                  | scales. (AC +4) [a neqoxec]
130034 | Pan      | Noticed Mnoleg
130056 | Pan      | Killed Mnoleg
130804 | Pan      | Gained mutation: You tend to lose your temper in combat. [a
                  | cacodemon]
130808 | Pan      | Gained mutation: Your spells are a little easier to cast,
                  | but a little less powerful. [a cacodemon]
130872 | Pan      | Gained mutation: You have sharp fingernails. [a cacodemon]
131168 | Pan      | Gained mutation: Your magical capacity is low. (-10% MP) [a
                  | cacodemon]
131198 | Pan      | Got a glowing rune of Zot
131552 | Pan      | Noticed Wetenk the pandemonium lord
131607 | Pan      | Killed Wetenk the pandemonium lord
131856 | Pan      | Identified the +2 ring mail of Death Resistance {-Tele
                  | rElec Slay+4 SInv}
132079 | Pan      | Gained mutation: Your body often deteriorates upon taking
                  | damage. [a cacodemon]
132442 | Pan      | Gained mutation: You are dopey. (Int -2) [a cacodemon]
133108 | Pan      | Found an exit through the horrors of the Abyss.
133598 | Pan      | Noticed Yxtun the pandemonium lord
133625 | Pan      | Killed Yxtun the pandemonium lord
134516 | Pan      | Acquired the +3 pair of seven-league boots {Rampage+∞}
134516 | Pan      | Found the +3 pair of seven-league boots {Rampage+∞}
134517 | Pan      | Acquired the +4 kite shield of the Blizzard {rF+ rC+}
134748 | Pan      | Noticed Giugaynal the pandemonium lord
134767 | Pan      | Killed Giugaynal the pandemonium lord
134795 | Pan      | Reached skill level 27 in Long Blades
135302 | Pan      | Found an exit through the horrors of the Abyss.
136241 | Depths:3 | Escaped Pandemonium
136635 | D:5      | Bought a shimmering glass ring for 150 gold pieces
136635 | D:5      | Identified the ring "Qiluxt" {Fly rPois Will+ Str-5 Int+5}
                  | (You bought it in a shop on level 5 of the Dungeon)
136635 | D:5      | Bought a twisted troll leather armour for 600 gold pieces
136635 | D:5      | Identified the +1 troll leather armour of Amorality {rF-
                  | Will- Regen+ Str+9 Dex+3} (You bought it in a shop on level
                  | 5 of the Dungeon)
136635 | D:5      | Bought the +0 pair of fencer's gloves {Riposte Dex+3} for
                  | 1200 gold pieces
136635 | D:5      | Found the +0 pair of fencer's gloves {Riposte Dex+3}
136667 | D:5      | Bought a shimmering hunting sling for 227 gold pieces
136667 | D:5      | Identified the +6 hunting sling of Righteous Fury {speed,
                  | +Blink} (You bought it in a shop on level 5 of the Dungeon)
136669 | D:5      | Bought a transparent hand axe for 304 gold pieces
136669 | D:5      | Identified the +10 hand axe of Xaidemn {freeze, rF- rN++
                  | MP+9 Int+2} (You bought it in a shop on level 5 of the
                  | Dungeon)
136669 | D:5      | Bought a scroll of summoning for 361 gold pieces
136699 | D:5      | Bought a faintly glowing dagger for 336 gold pieces
136699 | D:5      | Identified the +10 dagger "Jahasm" {vorpal, rElec Will+
                  | Dex-4} (You bought it in a shop on level 5 of the Dungeon)
137069 | Tomb:1   | Entered Level 1 of the Tomb of the Ancients
137076 | Tomb:1   | Noticed Khufu
137078 | Tomb:1   | Noticed a royal mummy
137088 | Tomb:1   | Killed Khufu
137089 | Tomb:1   | Killed a royal mummy
137231 | Tomb:1   | Got Sif Muna's Papyrus of Weightlessness and Flames
137335 | Tomb:1   | Paralysed by a sphinx for 5 turns
137534 | Tomb:1   | Learned a level 8 spell: Infestation
137713 | Tomb:1   | Noticed a royal mummy
137720 | Tomb:1   | Noticed a royal mummy
137727 | Tomb:1   | Killed a royal mummy
137732 | Tomb:1   | Killed a royal mummy
138530 | Tomb:1   | Learned a level 8 spell: Ignition
138597 | Tomb:2   | Noticed a royal mummy
138598 | Tomb:2   | Noticed a royal mummy
138599 | Tomb:2   | Noticed a royal mummy
138599 | Tomb:2   | Noticed a royal mummy
138604 | Tomb:2   | Killed a royal mummy
138608 | Tomb:2   | Killed a royal mummy
138611 | Tomb:2   | Killed a royal mummy
138639 | Tomb:2   | Killed a royal mummy
139044 | Tomb:2   | Identified the +8 hand axe of the Stoat {drain, rN+ Will+
                  | Int+4 Dex+4}
139248 | Tomb:1   | Noticed a royal mummy
139250 | Tomb:1   | Noticed a royal mummy
139255 | Tomb:1   | Killed a royal mummy
139270 | Tomb:1   | Killed a royal mummy
139387 | Tomb:1   | Noticed a royal mummy
139388 | Tomb:1   | Noticed a royal mummy
139391 | Tomb:1   | Killed a royal mummy
139405 | Tomb:1   | Killed a royal mummy
139467 | Tomb:1   | Noticed a royal mummy
139469 | Tomb:1   | Noticed a royal mummy
139469 | Tomb:1   | Noticed a royal mummy
139475 | Tomb:1   | Killed a royal mummy
139478 | Tomb:1   | Noticed a royal mummy
139506 | Tomb:1   | Killed a royal mummy
139506 | Tomb:1   | Killed a royal mummy
139511 | Tomb:1   | Killed a royal mummy
139663 | Tomb:1   | Noticed a royal mummy
139669 | Tomb:1   | Noticed a royal mummy
139673 | Tomb:1   | Killed a royal mummy
139674 | Tomb:1   | Killed a royal mummy
139756 | Tomb:1   | Noticed a royal mummy
139764 | Tomb:1   | Killed a royal mummy
139834 | Tomb:1   | Noticed a royal mummy
139835 | Tomb:1   | Noticed a royal mummy
139835 | Tomb:1   | Noticed a royal mummy
139865 | Tomb:1   | Killed a royal mummy
139867 | Tomb:1   | Killed a royal mummy
139870 | Tomb:1   | Killed a royal mummy
140087 | Tomb:2   | Lost mutation: You are mostly covered in iridescent scales.
                  | (AC +4) [mutagenic glow]
140092 | Tomb:2   | Gained mutation: You are occasionally teleported next to
                  | monsters. [mutagenic glow]
140300 | Tomb:2   | Learned a level 9 spell: Polar Vortex
140315 | Tomb:2   | Learned a level 9 spell: Shatter
140442 | Tomb:2   | Upgraded the game from 0.29-a0-243-g602b31c20e to
                  | 0.29-a0-251-g80730f7218
141137 | Pan      | Entered Pandemonium
141163 | Pan      | Noticed Cubloedu the pandemonium lord
141181 | Pan      | Killed Cubloedu the pandemonium lord
141502 | Pan      | Identified the +2 pair of gloves of the Armoured One {+Inv
                  | Will+ Str-4 Dex+2}
141526 | Pan      | Paralysed by a sphinx for 2 turns
142426 | Pan      | Reached skill level 27 in Armour
142611 | Pan      | Noticed Ignacio
142621 | Pan      | Killed Ignacio
142784 | Pan      | Noticed Kephedy the pandemonium lord
142804 | Pan      | Killed Kephedy the pandemonium lord
143422 | Pan      | Found an exit through the horrors of the Abyss.
143682 | Pan      | Identified the +6 falchion of Causality {drain, *Noise
                  | Int+9}
143778 | Pan      | Noticed Jiehin the pandemonium lord
143798 | Pan      | Killed Jiehin the pandemonium lord
144906 | Pan      | Found an exit through the horrors of the Abyss.
144992 | Pan      | Noticed Ateno the pandemonium lord
145010 | Pan      | Killed Ateno the pandemonium lord
145117 | Pan      | Gained mutation: You often lose your temper in combat. [a
                  | cacodemon]
146925 | Pan      | Noticed Iqesi the pandemonium lord
146937 | Pan      | Killed Iqesi the pandemonium lord
147961 | Pan      | Noticed Amyukh the pandemonium lord
147968 | Pan      | Killed Amyukh the pandemonium lord
148500 | Pan      | Found an exit through the horrors of the Abyss.
148589 | Depths:2 | Escaped Pandemonium
148991 | D:4      | Fell from the grace of Gozag
148991 | D:4      | Became a worshipper of Zin the Law-Giver
148991 | D:4      | Reached * piety under Zin
148991 | D:4      | Reached ** piety under Zin
148992 | D:4      | Donated 1697 gold pieces to Zin
149008 | D:4      | Reached *** piety under Zin
149128 | D:7      | Reached **** piety under Zin
149355 | Zig:1    | Entered Level 1 of a ziggurat
149371 | Zig:1    | Reached ***** piety under Zin
149381 | Zig:2    | Entered Level 2 of a ziggurat
149407 | Zig:3    | Entered Level 3 of a ziggurat
149489 | Zig:4    | Entered Level 4 of a ziggurat
149529 | Zig:5    | Entered Level 5 of a ziggurat
149562 | Zig:6    | Entered Level 6 of a ziggurat
149645 | Zig:6    | Found the dreamshard necklace {*Dream Drain}
149696 | Zig:6    | Identified the +4 chain mail "Afracw" {Harm Will- rCorr}
149703 | Zig:7    | Entered Level 7 of a ziggurat
149715 | Zig:7    | Noticed Zasirio the pandemonium lord
149724 | Zig:7    | Found the ring of the Mage {Wiz Archmagi}
149725 | Zig:7    | Paralysed by accursed screaming for 1 turns
149732 | Zig:8    | Entered Level 8 of a ziggurat
149887 | Zig:8    | Was placed under penance by Zin
149903 | Zig:8    | Identified the +11 spear "Dragonslayer" {drain, Int+3 SInv}
149997 | Zig:8    | Donated 1012 gold pieces to Zin
150179 | Zig:8    | Was forgiven by Zin
150280 | Zig:8    | Donated 506 gold pieces to Zin
150389 | Zig:8    | Donated 253 gold pieces to Zin
150400 | Zig:8    | Donated 126 gold pieces to Zin
150401 | Zig:8    | Donated 63 gold pieces to Zin
150404 | Zig:9    | Entered Level 9 of a ziggurat
150408 | Zig:9    | Noticed a juggernaut
150409 | Zig:9    | Reached ****** piety under Zin
150414 | Zig:9    | Killed a juggernaut
150419 | Zig:9    | Lost mutation: Your magical capacity is low. (-10% MP)
                  | [potion of mutation]
150419 | Zig:9    | Lost mutation: You are very clumsy. (Dex -4) [potion of
                  | mutation]
150419 | Zig:9    | Lost mutation: You have a pair of horns on your head.
                  | [potion of mutation]
150439 | Zig:9    | Identified the ring of Itirphor {rCorr Int-3 SInv Stlth+}
150556 | Zig:10   | Entered Level 10 of a ziggurat
150563 | Zig:10   | Noticed a dread lich
150563 | Zig:10   | Noticed an ancient lich
150564 | Zig:10   | Noticed a dread lich
150564 | Zig:10   | Noticed a dread lich
150566 | Zig:10   | Killed a dread lich
150568 | Zig:10   | Killed a dread lich
150568 | Zig:10   | Killed an ancient lich
150568 | Zig:10   | Killed a dread lich
150675 | Zig:10   | Identified the +1 ring mail of Fortification {Rampage
                  | Str+6}
150683 | Zig:10   | Lost mutation: You are dopey. (Int -2) [potion of mutation]
150683 | Zig:10   | Lost mutation: Your body often deteriorates upon taking
                  | damage. [potion of mutation]
150792 | Zig:11   | Entered Level 11 of a ziggurat
150811 | Zig:12   | Entered Level 12 of a ziggurat
150998 | Zig:12   | Identified the +0 hat of Hysteria {rPois rN++ Str-5 Stlth+}
151011 | Zig:13   | Entered Level 13 of a ziggurat
151042 | Zig:13   | Identified the +7 gold dragon scales of the Cobbler {rPois
                  | rF+ rC+ Str+3}
151043 | Zig:13   | Identified the ring of Haomm {Ice Drain Str+4 Dex+3}
151066 | Zig:13   | Identified the +10 morningstar of the Arena {spect, rC+
                  | Will+}
151163 | Zig:14   | Entered Level 14 of a ziggurat
151331 | Zig:14   | Identified the +0 robe of Mejukh {Harm Stlth+}
151347 | Zig:14   | Identified the +4 short sword of Hotsi {antimagic, Int+4
                  | Dex+3}
151348 | Zig:14   | Identified the +6 flail "Wasecwir" {vorpal, rElec rC+
                  | Dex+4}
151365 | Zig:15   | Entered Level 15 of a ziggurat
151370 | Zig:15   | Noticed a royal mummy
151371 | Zig:15   | Noticed a royal mummy
151371 | Zig:15   | Noticed a royal mummy
151371 | Zig:15   | Noticed a royal mummy
151372 | Zig:15   | Paralysed by a floating eye for 2 turns
151376 | Zig:15   | Killed a royal mummy
151376 | Zig:15   | Killed a royal mummy
151377 | Zig:15   | Killed a royal mummy
151377 | Zig:15   | HP: 13/283 [something (28)]
151380 | Zig:15   | Killed from afar by a royal mummy

Illustrated notes

Levels and vault maps discovered:
D:1:      dpeg_arrival_leaves_temple_mockup, layout_basic,
          hellmonk_ecumenical_altar_crossroads, st_stairs_9
D:2:      layout_basic, basic_altar, uniq_jessica
D:3:      layout_loops_corners, nzn_wu_jian_council_hall
D:4:      layout_cave_pools, nicolae_dithmenos_shadow_blocks, zin_angel,
          kennysheep_crisscross
D:5:      layout_gridville, vehumet_statue, mainiacjoe_overflow_surrounded_room,
          minmay_temple_entry_nine_rooms
D:6:      cheibrodos_barr_body, layout_basic, nicolae_gozag_seed_capital,
          gammafunk_temple_overflow_elements, gup_sewer_entry_spiral,
          kennysheep_boxes, uniq_pikel, uniq_eustachio
D:7:      layout_loops_ring, lightli_ossuary_entry_decrepit_ruins,
          roderic_batcave
D:8:      layout_cave_pods, mainiacjoe_overflow_catch_the_wave,
          mainiacjoe_overflow_alcove_2, enter_bailey_4, uniq_maggie, uniq_erica
D:9:      layout_rooms, uniq_joseph, uniq_erolcha
D:10:     layout_rooms, lemuel_tele_altar, bloody_makhleb, serial_glass,
          glass_columns_b, glass_columns_a, serial_shops, shop_fountains
D:11:     layout_small_grid, due_lair_maze_entry_diamond, serial_bayou_pond_d
D:12:     layout_irregular_city, david_orc_4, uniq_psyche
D:13:     layout_basic, ximxim_vaults_locker_room, minivault_19,
          minmay_misc_feat_four_crosses, uniq_josephine
D:14:     gammafunk_beogh_shrine, layout_small_grid, tgw_trog
D:15:     grunt_enter_depths_hoard, layout_gridville, uniq_rupert
Temple:   compressed_dpeg_triangle_lava_temple
Lair:1:   layout_regular_city, gammafunk_ghost_abyssal_escape,
          serial_bayou_shore_b, grunt_megastairs_4, uniq_amaemon, uniq_harold,
          uniq_nergalle
Lair:2:   layout_cellular_growth, elwin_shoals_entry_stream, ice2_lemuel,
          uniq_urug
Lair:3:   minmay_lair_oklob_tunnel, layout_regular_city
Lair:4:   layout_cave_pods, guppyfry_snake_entry_garden,
          nicolae_lair_run_with_the_wolves, infiniplex_staircase_pool,
          uniq_snorg
Lair:5:   layout_cave_pods
Lair:6:   minmay_lair_end_frog_pond, layout_gridlike, slime_altar_2,
          basic_altar, lemuel_fruit_tree
Shoals:1: layout_shoals
Shoals:2: layout_shoals, serial_shops, nicolae_shop_stone
Shoals:3: layout_shoals, gammafunk_ghost_wrathful_warriors,
          nicolae_shoals_hidden_pirate_stash
Shoals:4: shoals_end_grunt_garden, layout_shoals,
          nicolae_shoals_nautilus_by_nature
Snake:1:  layout_onion_interference, nicolae_snake_gridmaze_squiggle,
          minmay_shop_grove
Snake:2:  cheibrodos_forgotten_conduit, layout_rooms, basic_altar,
          minmay_shoptagon, uniq_vashnia, uniq_mlioglotl
Snake:3:  layout_cave_shapes
Snake:4:  grunt_snake_rune_pools, layout_onion, nicolae_wooded_promenade,
          nicolae_snake_omega, serial_bayou_shore_a, serial_bayou_shore_b
Slime:1:  layout_caves
Slime:2:  layout_caves
Slime:3:  layout_caves
Slime:4:  layout_caves
Slime:5
Orc:1:    layout_caves, basic_altar, elf_legates
Orc:2:    st_orc_mages, layout_diamond_mine
Elf:1:    layout_geoelf_grid, minmay_elf_annihilation,
          statue_in_the_mist_lemuel, kennysheep_underground_church
Elf:2:    nicolae_elf_blades_crystal_corner, layout_loops_corners, serial_shops,
          shop, minmay_shop_star
Elf:3:    minmay_elf_hall_curves, layout_geoelf_octagon,
          portal_ice_cave_entry_ugly_swarm
Vaults:1: infiniplex_enter_wizlab_water, nicolae_vaults_little_squares_3,
          nicolae_vaults_ring_of_whatevers, nicolae_vaults_network_barrier,
          nicolae_vaults_disjoint_gnomons, hangedman_vaults_stagger,
          vaults_room_door_ring, grunt_vaults_funnel,
          hangedman_vaults_restitches, vaults_dpeg_diagonal, v_alt_pattern_6,
          vaults_room_door_ring, nicolae_vaults_angled_halls,
          layout_vaults_maze_bifur, serial_shops, nicolae_shop_crystal,
          uniq_saint_roka
Vaults:2: minmay_crypt_entry_simple_sparse, nicolae_vaults_diagonal_hallway_7,
          vaults_mumra_minichess, ontoclasm_vaults_gateway,
          nicolae_vaults_shelves_hall, v_misc_29,
          nicolae_vaults_network_quinsquares
          [nicolae_vaults_network_quincunx_subvault,
          nicolae_vaults_network_quincunx_subvault,
          nicolae_vaults_network_quincunx_subvault,
          nicolae_vaults_network_quincunx_subvault], nicolae_vaults_little_ls,
          nicolae_vaults_little_squares_2, grunt_vaults_twisty,
          nicolae_vaults_alarming, nicolae_vaults_sealed_display,
          layout_vaults_omnibox, serial_shops, nicolae_lakefront_shop
Vaults:3: portal_desolation_entry_ruin, nicolae_vaults_puzzle_piece,
          vaults_room_hallway, nicolae_vaults_little_squares_4,
          nicolae_vaults_network_s, vaults_dpeg_ring,
          nicolae_vaults_holding_cells, nicolae_vaults_little_squares_3,
          layout_vaults_omnigrid, serial_shops, nicolae_shop_behind_doors,
          uniq_mara
Vaults:4: ontoclasm_vaults_ring_large, hangedman_vaults_stretched_pinwheel,
          v_misc_22, v_misc_27, nicolae_vaults_branching_niches, v_misc_9,
          vaults_room_stairs_pillars, vaults_dpeg_cross, v_pattern_5,
          ontoclasm_vaults_eye, v_rooms_3, nicolae_vaults_asterisk,
          nicolae_vaults_specimen_jars, layout_vaults_ring, serial_shops,
          nicolae_shop_behind_doors
Vaults:5: uniq_sojobo
Crypt:1:  layout_chaotic_city, grunt_ministairs_5, grunt_megastairs_5,
          grunt_crypt_arrival_split
Crypt:2:  layout_regular_city
Crypt:3:  church_of_pain_bobbens, layout_chaotic_city, tomb_entry_shell_bobbens,
          nicolae_crypt_cryptocurrency, eino_tiny_chamber, st_stairs_10
Tomb:1:   uniq_khufu
Tomb:2
Depths:1: layout_basic, ziggurat_fallback, pf_coc_iceberg, eino_curves_02,
          serial_rivers, chequers_serial_rivers_micro_e,
          chequers_serial_rivers_micro_a, chequers_serial_rivers_small_a,
          chequers_serial_rivers_micro_b, chequers_serial_rivers_small_b,
          chequers_serial_rivers_micro_a, chequers_big_river,
          columned_hall_lemuel, minmay_guarded_unrand_vampires_tooth
Depths:2: lemuel_castle_with_subvaults [lemuel_castle_interior_carwin_2],
          layout_gridlike, lemuel_blue_sif_altar, hell_entry,
          rand_demon_pan_entry_1, infiniplex_staircase_star, firewood_loft
Depths:3: minmay_the_grid_square_5x5_4x4_mashed
          [minmay_the_grid_square_5x5_intrusive_squares,
          minmay_the_grid_square_5x5_spiral_small,
          minmay_the_grid_square_5x5_inner_z,
          minmay_the_grid_square_5x5_inverted_slash,
          minmay_the_grid_square_5x5_almost_minimal,
          minmay_the_grid_square_5x5_prize_gold,
          minmay_the_grid_square_5x5_prize_pseudospiral,
          minmay_the_grid_square_5x5_meh, minmay_the_grid_square_5x5_c,
          minmay_the_grid_square_5x5_prize_monsterx,
          minmay_the_grid_square_5x5_prize_waves, minmay_the_grid_square_5x5_z,
          minmay_the_grid_square_5x5_two_small,
          minmay_the_grid_square_5x5_trominoes, minmay_the_grid_square_5x5_tie,
          minmay_the_grid_square_5x5_two_walls_b], layout_gridlike, pan_entry,
          hell_entry, abyss_entry, serial_bayou_ford_a,
          kennysheep_generic_room_8, infiniplex_staircase_split_hallway,
          serial_bayou_shore_b, serial_bayou_shore_b, uniq_parghit, uniq_margery
Depths:4: evilmike_zot_entry_basic, layout_cave_pools, hell_entry,
          ebering_ghost_xom, chequers_serial_rivers_small_b, uniq_vv
Hell
Dis:1:    layout_jigsaw, nicolae_dis_having_a_grate_time
Geh:1:    layout_gehenna_lava_caves
Geh:2:    layout_gehenna_pools_box
Geh:3:    layout_gehenna_pools_box, nicolae_hells_hurtin_island
Geh:4:    layout_gehenna_lava_caves
Geh:5:    layout_gehenna_pools_basic
Coc:1:    layout_ice_bergs
Tar:1:    layout_catacombs
Tar:2:    layout_grid_maze
Zot:1:    grunt_zot_stairs_mandelzot, layout_gridlike, uniq_josephina
Zot:2:    layout_cathedral_of_symmetry, st_stairs_4, grunt_megastairs_3,
          uniq_zenata
Zot:3:    layout_concentric_octagons
Zot:4:    layout_misc_corridors
Zot:5:    layout_concentric_octagons, st_stairs_1
Zig:15:   ziggurat_pillar_centre_c, ziggurat_pillar_centre_c,
          ziggurat_pillar_centre_c, ziggurat_pillar_centre_c

Skill      XL: |  1  2  3  4  5  6  7  8  9 10 11 12 13 14 15 16 17 18 19 20 21 22 23 24 25 26 27 |
---------------+----------------------------------------------------------------------------------+-----
Fighting       | 11 12 13 14 15 16 17 18 19 20 25 | 25.8
Invocations    | 1 2 3 4 5 6 7 8 9 10 11 12 13 14 15 16 17 18 19 26 | 26.1
Short Blades   | 1 2 3 4 5 6 7 8 9 10 11 12 13 14 15 16 17 18 24 | 24.2
Long Blades    | 1 2 3 4 5 6 7 8 9 10 11 12 13 14 15 16 17 18 20 27 | 27.0
Axes           | 1 2 3 4 5 6 7 8 9 10 11 12 13 14 15 16 17 18 24 | 24.4
Maces & Flails | 1 2 3 4 5 6 7 8 9 10 11 12 13 14 15 16 17 18 24 | 24.2
Polearms       | 1 2 3 4 5 6 7 8 9 10 11 12 13 14 15 16 17 18 24 | 24.2
Staves         | 1 2 3 4 5 6 7 8 9 10 11 12 13 14 15 16 17 18 24 | 24.2
Slings         | 1 2 3 4 5 6 7 8 9 10 11 12 13 14 15 16 17 18 24 | 24.2
Crossbows      | 1 2 3 4 5 6 7 8 9 10 11 12 13 14 15 16 17 18 24 | 24.2
Armour         | 1 2 3 4 5 6 7 8 9 10 11 12 13 14 15 16 17 18 27 | 27.0
Dodging        | 1 2 3 4 5 6 7 8 9 10 11 12 13 14 15 16 17 18 24 | 24.2
Stealth        | 1 2 3 4 5 6 7 8 9 10 11 12 13 14 15 16 17 18 24 | 24.2
Shields        | 1 2 3 4 5 6 7 8 9 10 11 12 13 14 15 16 17 18 24 | 24.2
Unarmed Combat | 1 2 3 4 5 6 7 8 9 10 11 12 13 14 15 16 17 18 24 | 24.2
Spellcasting   | 1 2 3 4 5 6 7 8 9 10 11 12 13 14 15 16 17 18 24 | 24.2
Evocations     | 1 2 3 4 5 6 7 8 9 10 11 12 13 14 15 16 17 18 24 | 24.2
Conjurations   | 1 2 3 4 5 6 7 8 9 10 11 12 13 14 15 20 | 20.8
Hexes          | 1 2 3 4 5 6 7 8 9 10 11 12 13 14 15 20 | 20.8
Summonings     | 1 2 3 4 5 6 7 8 9 10 11 12 13 14 15 20 | 20.8
Necromancy     | 1 2 3 4 5 6 7 8 9 10 11 12 13 14 15 20 | 20.8
Translocations | 1 2 3 4 5 6 7 8 9 10 11 12 13 14 15 20 | 20.8
Transmutations | 1 2 3 4 5 6 7 8 9 10 11 12 13 14 15 20 | 20.8
Fire Magic     | 1 2 3 4 5 6 7 8 9 10 11 12 13 14 15 20 | 20.8
Ice Magic      | 1 2 3 4 5 6 7 8 9 10 11 12 13 14 15 20 | 20.8
Air Magic      | 1 2 3 4 5 6 7 8 9 10 11 12 13 14 15 20 | 20.8
Earth Magic    | 1 2 3 4 5 6 7 8 9 10 11 12 13 14 15 20 | 20.8
Poison Magic   | 1 2 3 4 5 6 7 8 9 10 11 12 13 14 15 20 | 20.8
Throwing       | 3 4 5 6 7 8 9 10 11 12 13 14 15 16 17 18 24 | 24.4
Bows           | 9 10 11 12 13 14 15 16 17 18 19 25 | 25.3

Action                   |  1- 3 |  4- 6 |  7- 9 | 10-12 | 13-15 | 16-18 | 19-21 | 22-24 | 25-27 || total
-------------------------+-------+-------+-------+-------+-------+-------+-------+-------+-------++-------
Melee: Scimitar          |       |       |       |       |     5 |       |       |       |       ||     5
       Unarmed           |       |       |       |       |       |     4 |       |       |     4 ||     8
       Punch             |       |       |       |       |       |     1 |       |   153 |    31 ||   185
       Shortbow          |       |       |       |       |       |       |     3 |     4 |       ||     7
       Trident           |       |       |       |       |       |       |       |   968 |  4467 ||  5435
       Bite              |       |       |       |       |       |       |       |   192 |   750 ||   942
       Headbutt          |       |       |       |       |       |       |       |   258 |  1203 ||  1461
       Hand axe          |       |       |       |       |       |       |       |       |   144 ||   144
 Fire: Shortbow          |    49 |   133 |   270 |   686 |   986 |  1253 |  1396 |   304 |       ||  5077
Throw: Throwing net      |       |       |       |       |       |     1 |     2 |     4 |     6 ||    13
       Javelin           |       |       |       |       |       |       |     7 |    11 |   101 ||   119
 Cast: Summon Mana Viper |       |       |       |     1 |    55 |    88 |   116 |    56 |    10 ||   326
       Summon Ice Beast  |       |       |       |     1 |       |       |       |       |       ||     1
       Portal Projectile |       |       |       |     7 |    30 |    21 |    26 |     5 |       ||    89
       Ignite Poison     |       |       |       |    17 |    43 |    64 |    55 |    16 |     8 ||   203
       Mephitic Cloud    |       |       |       |     9 |    54 |    29 |    40 |    27 |    22 ||   181
       Blink             |       |       |       |       |     4 |    17 |     9 |    19 |    14 ||    63
       Olgreb's Toxic Ra |       |       |       |       |    10 |    71 |    37 |    12 |     6 ||   136
       Stone Arrow       |       |       |       |       |     3 |     4 |       |       |       ||     7
       Inner Flame       |       |       |       |       |     2 |       |       |       |       ||     2
       Airstrike         |       |       |       |       |       |    47 |     7 |    11 |       ||    65
       Monstrous Menager |       |       |       |       |       |     4 |    73 |   169 |    92 ||   338
       Ozocubu's Refrige |       |       |       |       |       |     4 |    10 |    16 |    66 ||    96
       Dispel Undead     |       |       |       |       |       |       |    50 |   115 |    54 ||   219
       Orb of Destructio |       |       |       |       |       |       |       |    24 |    29 ||    53
       Summon Cactus Gia |       |       |       |       |       |       |       |     9 |       ||     9
       Spellforged Servi |       |       |       |       |       |       |       |     7 |   337 ||   344
       Irradiate         |       |       |       |       |       |       |       |     2 |    40 ||    42
       Statue Form       |       |       |       |       |       |       |       |       |   148 ||   148
       Summon Horrible T |       |       |       |       |       |       |       |       |   158 ||   158
       Lehudib's Crystal |       |       |       |       |       |       |       |       |   108 ||   108
       Ignition          |       |       |       |       |       |       |       |       |    36 ||    36
       Polar Vortex      |       |       |       |       |       |       |       |       |    16 ||    16
       Infestation       |       |       |       |       |       |       |       |       |     9 ||     9
       Shatter           |       |       |       |       |       |       |       |       |     7 ||     7
       Maxwell's Capacit |       |       |       |       |       |       |       |       |     6 ||     6
Invok: Call Merchant     |       |       |       |     1 |     2 |       |     2 |       |     6 ||    11
       Potion Petition   |       |       |       |       |     5 |     6 |     3 |    13 |    35 ||    62
       Donate Gold       |       |       |       |       |       |       |       |       |     6 ||     6
       Recite            |       |       |       |       |       |       |       |       |     2 ||     2
       Vitalisation      |       |       |       |       |       |       |       |       |     1 ||     1
Evoke: Wand              |       |       |     2 |    11 |    21 |    17 |    17 |     6 |    14 ||    88
       Phial of floods   |       |       |       |       |       |     5 |     4 |     5 |     4 ||    18
       Lightning rod     |       |       |       |       |       |     6 |     5 |     8 |       ||    19
       Condenser vane    |       |       |       |       |       |       |     2 |     8 |    17 ||    27
       Box of beasts     |       |       |       |       |       |       |       |     3 |    21 ||    24
       Phantom mirror    |       |       |       |       |       |       |       |     1 |    16 ||    17
  Use: Scroll            |       |     3 |     7 |     7 |    19 |    16 |     5 |    18 |    34 ||   109
       Potion            |       |       |     6 |     5 |     8 |     7 |     3 |    10 |    23 ||    62
 Stab: Confused          |       |       |       |       |       |     2 |       |    14 |    14 ||    30
       Distracted        |       |       |       |       |       |       |       |    47 |   291 ||   338
       Sleeping          |       |       |       |       |       |       |       |    21 |    27 ||    48
       Paralysed         |       |       |       |       |       |       |       |     6 |       ||     6
       Held in net/web   |       |       |       |       |       |       |       |     1 |     3 ||     4
       Invisible         |       |       |       |       |       |       |       |       |     4 ||     4
Armor: Leather armour    |     4 |    13 |     9 |       |       |       |       |       |       ||    26
       Robe              |       |       |    17 |    33 |    61 |   117 |   214 |   203 |   254 ||   899
       Chain mail        |       |       |       |       |       |    22 |       |       |       ||    22
       Skin              |       |       |       |       |       |       |       |       |   550 ||   550
Dodge: Dodged            |     3 |    10 |    74 |   141 |   263 |   444 |   621 |   957 |  2782 ||  5295
Block: Other             |       |       |     5 |    21 |       |       |       |     2 |       ||    28
       Reflection        |       |       |       |       |       |     1 |       |       |       ||     1
       Buckler           |       |       |       |       |       |       |       |       |   921 ||   921
       Kite shield       |       |       |       |       |       |       |       |       |  1125 ||  1125
       Rpst.: Trident    |       |       |       |       |       |       |       |       |    26 ||    26
       Hand axe          |       |       |       |       |       |       |       |       |    10 ||    10

Table legend: (Time is in decaauts)
 A = Elapsed time spent in this place.
 B = Non-inter-level travel time spent in this place.
 C = Inter-level travel time spent in this place.
 D = Time resting spent in this place.
 E = Time spent auto-exploring this place.
 F = Levels seen in this place.
 G = Mean time per level.
                   A        B        C        D        E       F      G
               +--------+--------+--------+--------+--------+-----+--------+
         Total | 153044 | 138172 |  14872 |  25958 |  78085 | 110 | 1391.3 |
       Dungeon |  26950 |  19258 |   7692 |   3661 |  12242 |  15 | 1796.7 |
        Temple |    270 |    239 |     31 |      0 |    230 |   1 |  270.0 |
          Lair |  11459 |   8936 |   2523 |   1473 |   5999 |   6 | 1909.8 |
        Shoals |   6612 |   6336 |    276 |   1092 |   4117 |   4 | 1653.0 |
     Snake Pit |   7563 |   7074 |    489 |   1222 |   4143 |   4 | 1890.8 |
    Slime Pits |   4497 |   4037 |    460 |   1743 |    896 |   5 |  899.4 |
  Orcish Mines |   2972 |   2457 |    515 |    499 |   1241 |   2 | 1486.0 |
   Elven Halls |   8711 |   8352 |    359 |   3167 |   3228 |   3 | 2903.7 |
        Vaults |  13386 |  12622 |    764 |   2645 |   7064 |   5 | 2677.2 |
         Crypt |   7540 |   6975 |    565 |   1766 |   3354 |   3 | 2513.3 |
          Tomb |   3962 |   3826 |    136 |    838 |   1841 |   2 | 1981.0 |
        Depths |   8437 |   7778 |    659 |   1224 |   4567 |   4 | 2109.2 |
          Hell |   1727 |   1660 |     67 |    732 |    462 |   1 | 1727.0 |
           Dis |     90 |     90 |      0 |      0 |      4 |   1 |   90.0 |
       Gehenna |   1059 |   1009 |     50 |      0 |    648 |   5 |  211.8 |
       Cocytus |      1 |      1 |      0 |      0 |      0 |   1 |    1.0 |
      Tartarus |    379 |    364 |     15 |     25 |    263 |   2 |  189.5 |
           Zot |   7889 |   7625 |    264 |    703 |   4981 |   5 | 1577.8 |
   Pandemonium |  33477 |  33477 |      0 |   2602 |  21278 |  21 | 1594.1 |
      Ziggurat |   2013 |   2013 |      0 |   1408 |      0 |  15 |  134.2 |
         Sewer |    271 |    271 |      0 |      0 |    166 |   1 |  271.0 |
       Ossuary |    446 |    446 |      0 |      6 |    240 |   1 |  446.0 |
        Bailey |    881 |    881 |      0 |    482 |    138 |   1 |  881.0 |
      Ice Cave |    623 |    623 |      0 |    319 |    161 |   1 |  623.0 |
    Desolation |   1817 |   1817 |      0 |    345 |    818 |   1 | 1817.0 |
               +--------+--------+--------+--------+--------+-----+--------+

Top non-repeatable levels by time:
 Crypt:3: 4053 daAuts
   Elf:3: 3546 daAuts
Vaults:4: 3303 daAuts
Vaults:5: 3117 daAuts
     D:6: 3032 daAuts
    D:13: 2992 daAuts
Vaults:1: 2941 daAuts
    D:15: 2936 daAuts
   Elf:1: 2899 daAuts
  Tomb:1: 2746 daAuts
    D:11: 2712 daAuts
Depths:1: 2698 daAuts
 Snake:2: 2623 daAuts
   Zot:5: 2448 daAuts
 Snake:4: 2442 daAuts
